 Dungeon Crawl Stone Soup version 0.30-a0-1075-gcd70e7a56d (webtiles) character file.

Game seed: 10008706974483794853

817789 GigaChad the Talismancer (level 27, 14/192 (199) HPs) *EXPLORE*
             Began as a Formicid Fighter on Apr 13, 2023.
             Was an Initiate of Gozag.
             Quit the game in Pandemonium on Apr 14, 2023.
             The game lasted 05:25:32 (114115 turns).

GigaChad the Talismancer (Formicid Fighter)       Turns: 114115, Time: 05:25:32

HP:   14/192 (199)  AC: -96   Str:  3 (44) XL:     27
MP:   24/24         EV:  2    Int: -32 (9) God:    Gozag
Gold: 24859         SH:  0    Dex: -17 (9) Spells: 30/41 levels left

rFire   . . .      SeeInvis +    s - +2 broad axe (freeze)
rCold   + . .      Faith    .    I - +7 tower shield "Vias" {rC+ Str+3 Int+2}
rNeg    + + .      Spirit   .    Z - +5 pearl dragon scales
rPois   +          Reflect  .    (helmet unavailable)
rElec   .          Rampage  +    l - +2 cloak
rCorr   .                        G - +3 pair of gloves "Gosin" {Fly rPois Will+ Slay+2}
Will    +++..                    u - +1 pair of boots {rampage} Stlth
                                 (no amulet)
HPRegen 0.52/turn                y - +6 ring of strength
MPRegen 0.19/turn                O - ring "Yneech" {rPois rF+ rC+ rN+ Str+7}

@: corroded, flying, slowed, lost intelligence, lost dexterity, lightly drained,
unable to read, unable to drink, very slow
A: permanent stasis, dig shafts and tunnels, antennae 3, four strong arms,
clumsy 2, deformed body, deterioration 2, dopey 2, frail 2, low MP 3, screaming
1, weak 2, no potion heal 2, cold vulnerability 1, heat vulnerability 1, subdued
magic 3, inability to drink after injury 1, inability to read after injury 2
}: 6/15 runes: barnacled, silver, golden, icy, demonic, gossamer
a: Dig, Renounce Religion, Potion Petition, Call Merchant, Bribe Branch


You were in Pandemonium.
You worshipped Gozag.
Gozag was extremely pleased with you.
You visited 13 branches of the dungeon, and saw 60 of its levels.
You visited Pandemonium 1 time, and saw 10 of its levels.
You also visited: Bailey.

You collected 40878 gold pieces.
You spent 426 gold pieces at shops.
You paid 15593 gold pieces to Gozag.

Inventory:

Hand Weapons
 a - the +8 scimitar "Spiderslayer" {heavy, rF++ rC+ Dex+3 Stlth-}
   (You found it on level 3 of the Vaults)

   Dex:       It affects your dexterity (+3).
   rF:        It greatly protects you from fire.
   rC:        It protects you from cold.
   Stlth:     It makes you less stealthy.
 s - a +2 broad axe of freezing (weapon)
 v - the +1 glaive "Ixisti" {vamp, Str+5}
   (You found it on level 5 of the Vaults)

   Str:       It affects your strength (+5).
 E - a +5 eudemon blade of holy wrath
 K - the +7 broad axe "Transmigrator" {spect, rF- rCorr Int+6 Dex-5}
   (You found it on level 5 of the Vaults)

   Int:       It affects your intelligence (+6).
   Dex:       It affects your dexterity (-5).
   rF:        It makes you vulnerable to fire.
   rCorr:     It protects you from acid and corrosion.
 L - the +1 rapier "Mauteh" {antimagic, rElec rPois rN+++ Int-2}
   (You found it on level 3 of the Tomb of the Ancients)

   Int:       It affects your intelligence (-2).
   rElec:     It insulates you from electricity.
   rPois:     It protects you from poison.
   rN:        It renders you almost immune to negative energy.
 M - a +8 demon blade of pain
 P - a +3 sacred scourge of holy wrath
 Q - a +9 demon trident of pain
Armour
 l - a +2 cloak (worn)
 t - +2 fire dragon scales
 u - a +1 pair of boots of rampaging (worn)
 G - the +3 pair of gloves "Gosin" (worn) {Fly rPois Will+ Slay+2}
   (You acquired it on level 5 of the Vaults)

   Slay:      It affects your accuracy & damage with ranged weapons and melee
   (+2).
   rPois:     It protects you from poison.
   Fly:       It grants you flight.
   Will:      It increases your willpower.
 I - the +7 tower shield "Vias" (worn) {rC+ Str+3 Int+2}
   (You took it off a daeva in Pandemonium)

   Str:       It affects your strength (+3).
   Int:       It affects your intelligence (+2).
   rC:        It protects you from cold.
 Z - +5 pearl dragon scales (worn)
Magical Staves
 e - the staff of fire "Vawene" {rElec rF+ Str+3 Int+4}
   (You found it on level 5 of the Vaults)

   [staff of fire]

   Base accuracy: +5 Base damage: 5 Base attack delay: 1.2 This weapon's minimum
   attack delay (0.6) is reached at skill level 12.
   Str:       It affects your strength (+3).
   Int:       It affects your intelligence (+4).
   rF:        It protects you from fire.
   rElec:     It insulates you from electricity.
   It falls into the 'Staves' category.
   It is a weapon for one hand-pair.
Jewellery
 y - a +6 ring of strength (left hand)
 A - the ring "Kamiwam" {Fly rF+ rC+ Int+3}
   (You found it on level 13 of the Dungeon)

   [ring of flight]

   Int:       It affects your intelligence (+3).
   rF:        It protects you from fire.
   rC:        It protects you from cold.
   Fly:       It grants you flight.
 O - the ring "Yneech" (right hand) {rPois rF+ rC+ rN+ Str+7}
   (You acquired it on level 3 of the Shoals)

   [ring of protection from cold]

   Str:       It affects your strength (+7).
   rF:        It protects you from fire.
   rC:        It protects you from cold.
   rPois:     It protects you from poison.
   rN:        It protects you from negative energy.
 X - the ring "Ysoam" {rF+ rCorr}
   (You found it on level 7 of Tartarus)

   [ring of protection from fire]

   rF:        It protects you from fire.
   rCorr:     It protects you from acid and corrosion.
Wands
 i - a wand of polymorph (24)
 o - a wand of light (58)
 p - a wand of flame (173)
 w - a wand of iceblast (78) (quivered)
 B - a wand of digging (36)
 F - a wand of paralysis (51)
 W - a wand of mindburst (34)
Scrolls
 b - 5 scrolls of brand weapon
 f - 14 scrolls of fear
 g - 50 scrolls of identify
 D - 8 scrolls of amnesia
 J - 11 scrolls of magic mapping
Potions
 c - 9 potions of ambrosia
 d - 3 potions of might
 j - 11 potions of cancellation
 k - 12 potions of curing
 m - 12 potions of attraction
 q - 9 potions of heal wounds
 r - 8 potions of mutation
 x - 14 potions of flight
 z - 5 potions of lignification
 C - 10 potions of brilliance
 N - 4 potions of invisibility
 Y - 4 potions of resistance
Miscellaneous
 h - a phantom mirror (inert)
 n - a lightning rod (4/4)
 H - a box of beasts
 R - a piece from Xom's chessboard (15/15)
 S - a condenser vane
 U - the horn of Geryon (inert)
 V - a phial of floods


   Skills:
 O Level 27 Fighting
 * Level 20.0 Long Blades
 - Level 17.4(20.6) Axes
 - Level 13.3(17.5) Maces & Flails
 - Level 13.5(17.6) Polearms
 - Level 5.9(13.4) Staves
 * Level 20.9 Armour
 - Level 8.0 Dodging
 - Level 4.3 Stealth
 - Level 19.8 Shields
 * Level 7.8 Spellcasting
 - Level 20.0 Necromancy
 O Level 27 Evocations


You had 30 spell levels left.
You knew the following spells:

 Your Spells              Type           Power      Damage    Failure   Level
a - Lehudib's Crystal Sp  Conj/Erth      0%         10d2      100%        8
b - Necrotise             Necr           0%         1d4       1%          1
c - Sublimation of Blood  Necr           0%         N/A       1%          2

Your spell library contained the following spells:

 Spells                   Type           Power      Damage    Failure   Level
 Vampiric Draining        Necr           0%         2d6       1%          3
 Dispel Undead            Necr           0%         3d6       1%          4
 Agony                    Necr           0%         N/A       3%          5
 Death Channel            Necr           0%         N/A       26%         6
 Cigotuvi's Dreadful Rot  Necr/Pois/Air  0%         N/A       56%         2
 Anguish                  Hex/Necr       0%         N/A       77%         4
 Borgnjor's Vile Clutch   Necr/Erth      0%         N/A       98%         5
 Apportation              Tloc           0%         N/A       100%        1
 Foxfire                  Conj/Fire      0%         2x1d4     100%        1
 Freeze                   Ice            0%         1d3       100%        1
 Magic Dart               Conj           0%         1d3       100%        1
 Slow                     Hex            0%         N/A       100%        1
 Summon Small Mammal      Summ           0%         N/A       100%        1
 Ensorcelled Hibernation  Hex/Ice        0%         N/A       100%        2
 Lesser Beckoning         Tloc           0%         N/A       100%        2
 Momentum Strike          Conj/Tloc      0%         3d8       100%        2
 Searing Ray              Conj           0%         2d4       100%        2
 Static Discharge         Conj/Air       0%         2-2/arc   100%        2
 Wereblood                Tmut           0%         N/A       100%        2
 Call Canine Familiar     Summ           0%         N/A       100%        3
 Confusing Touch          Hex            0%         N/A       100%        3
 Dazzling Flash           Conj/Hex       0%         N/A       100%        3
 Frozen Ramparts          Ice            0%         1d1       100%        3
 Gell's Gravitas          Tloc           0%         N/A       100%        3
 Ignite Poison            Fire/Tmut/Pois 0%         N/A       100%        3
 Inner Flame              Hex/Fire       0%         N/A       100%        3
 Ozocubu's Armour         Ice            0%         N/A       100%        3
 Portal Projectile        Hex/Tloc       0%         N/A       100%        3
 Spider Form              Tmut/Pois      0%         N/A       100%        3
 Stone Arrow              Conj/Erth      0%         3d7       100%        3
 Summon Guardian Golem    Hex/Summ       0%         N/A       100%        3
 Teleport Other           Tloc           0%         N/A       100%        3
 Tukima's Dance           Hex            0%         N/A       100%        3
 Volatile Blastmotes      Fire/Tloc      0%         2d10      100%        3
 Cause Fear               Hex            0%         N/A       100%        4
 Fulminant Prism          Conj/Hex       0%         3d5       100%        4
 Iskenderun's Mystic Bla  Conj/Tloc      0%         2d3       100%        4
 Leda's Liquefaction      Hex/Erth       0%         N/A       100%        4
 Passage of Golubria      Tloc           0%         N/A       100%        4
 Petrify                  Tmut/Erth      0%         N/A       100%        4
 Summon Ice Beast         Ice/Summ       0%         N/A       100%        4
 Alistair's Intoxication  Tmut/Pois      0%         N/A       100%        5
 Arcjolt                  Conj/Air       0%         1d10      100%        5
 Fireball                 Conj/Fire      0%         3d3       100%        5
 Freezing Cloud           Conj/Ice/Air   0%         6-21      100%        5
 Lee's Rapid Deconstruct  Erth           0%         3d4*      100%        5
 Metabolic Englaciation   Hex/Ice        0%         N/A       100%        5
 Silence                  Hex/Air        0%         N/A       100%        5
 Summon Forest            Summ/Tloc      0%         N/A       100%        5
 Summon Mana Viper        Hex/Summ       0%         N/A       100%        5
 Yara's Violent Unravell  Hex/Tmut       0%         3d3       100%        5
 Dispersal                Tloc           0%         N/A       100%        6
 Eringya's Noxious Bog    Tmut/Pois      0%         N/A       100%        6
 Iron Shot                Conj/Erth      0%         9d1       100%        6
 Plasma Beam              Fire/Air       0%         2x1d11    100%        6
 Starburst                Conj/Fire      0%         6d3       100%        6
 Statue Form              Tmut/Erth      0%         N/A       100%        6
 Summon Cactus Giant      Summ           0%         N/A       100%        6
 Dragon Form              Tmut           0%         N/A       100%        7
 Enfeeble                 Hex            0%         N/A       100%        7
 Malign Gateway           Summ/Tloc      0%         N/A       100%        7
 Ozocubu's Refrigeration  Ice            0%         4d7       100%        7
 Summon Hydra             Summ           0%         N/A       100%        7
 Maxwell's Capacitive Co  Air            0%         ∞         100%        8
 Summon Horrible Things   Summ           0%         N/A       100%        8
 Dragon's Call            Summ           0%         N/A       100%        9
 Polar Vortex             Ice            0%         N/A       100%        9
 Animate Dead             Necr           Unusable   N/A       N/A         4
 Blink                    Tloc           Unusable   N/A       N/A         2
 Vhi's Electric Charge    Tloc/Air       Unusable   N/A       N/A         3
 Simulacrum               Ice/Necr       Unusable   N/A       N/A         6

Dungeon Overview and Level Annotations

Branches:
Dungeon (15/15)            Temple (0/1) D:6            Lair (5/5) D:10
 Shoals (4/4) Lair:3       Spider (4/4) Lair:3        Slime (0/5) Lair:5
    Orc (2/2) D:9             Elf (0/3) Orc:2        Vaults (5/5) D:13
  Crypt (3/3) Vaults:2       Tomb (3/3) Crypt:3      Depths (4/4) D:15
   Hell (visited)             Dis (0/7) Hell            Geh (1/7) Hell
    Coc (7/7) Hell            Tar (7/7) Hell            Zot (0/5) Depths:4
 Bailey (visited)

Altars:
Ashenzari
Dithmenos
Elyvilon
Fedhas
Gozag
Hepliaklqana
Kikubaaqudgha
Okawaru
Trog
Wu Jian
Xom
Yredelemnul
Zin
The Shining One
Jiyva
Lugonu

Shops:
D:2 (   D:5 [   Orc:2 *[(?[   Lair:2 *   Shoals:3 [   Vaults:1 *   Vaults:5 [
Crypt:3 *   Tomb:1 !   Depths:2 *   Depths:3 !:==

Portals:
Hell: Depths:1 Depths:2 Depths:3 Depths:4
Abyss: Shoals:1 Depths:3
Pandemonium: Depths:2 Depths:3
Ziggurat: Depths:3
Trove: D:12 (give 4 potions of resistance)

Annotations:
D:9 6 transporters
Shoals:1 1 runed translucent door, Bai Suzhen
Shoals:3 Donald


Innate Abilities, Weirdness & Mutations

You cannot be hasted, slowed, berserked, paralysed or teleported.
You can dig through walls and to a lower floor.
You have a pair of large antennae on your head. (SInv)
Your four strong arms can wield two-handed weapons with a shield.
You are very clumsy. (Dex -4)
Armour fits poorly on your strangely shaped body.
Your body often deteriorates upon taking damage.
You are very dopey. (Int -4)
You are very frail. (-20% HP)
Your magical capacity is extremely low. (-30% MP)
You occasionally shout uncontrollably at your foes.
You are very weak. (Str -4)
Potions cannot restore your health.
You are vulnerable to cold. (rC-)
You are vulnerable to heat. (rF-)
Your spells are much easier to cast, but much less powerful.
You occasionally lose the ability to drink potions when taking damage.
You sometimes lose the ability to read scrolls when taking damage.


Message History

The Hell Sentinel is almost dead.
The Hell Sentinel gestures at you.
The sphere of damnation explodes!
The damnation engulfs you!!
* * * LOW HITPOINT WARNING * * *
Your body deteriorates!
You feel dopey.
The damnation engulfs the Hell Sentinel.
The Hell Sentinel completely resists.
You hear a bellow!
You hit the Hell Sentinel but do no damage.
The Hell Sentinel is almost dead.
The ufetubus disappears in a puff of smoke!
The Hell Sentinel hits you!
* * * LOW HITPOINT WARNING * * *
The Hell Sentinel hits you!
Die?
Thought so.
Unknown command.
You barely miss the Hell Sentinel.
The Hell Sentinel is almost dead.
The Hell Sentinel hits you! The Hell Sentinel hits you. x2
The Hell Sentinel hits you!!
Unknown command.
You hit the Hell Sentinel but do no damage.
The Hell Sentinel is severely wounded.
The Hell Sentinel gestures at you.
The sphere of damnation explodes!
The damnation engulfs you!!!
The damnation engulfs the Hell Sentinel.
The Hell Sentinel completely resists.
You hear a screech!
Unknown command.
You completely miss the Hell Sentinel.
The Hell Sentinel is severely wounded.
The Hell Sentinel hits you!! x2
Unknown command.
You hit the Hell Sentinel but do no damage.
The Hell Sentinel is severely wounded.
The Hell Sentinel gestures at you. The iron shot hits you!!!
* * * LOW HITPOINT WARNING * * *
Are you sure you want to abandon this character and quit the game? (Confirm with "yes".)

# # . . {#.
{ #{# #$#
#.#{
#####4#####
#..'∩3261@#
####$32####
#${3#
#.###.# #.
.# '# #' ##
##


You could see a Hell Sentinel, a demonspawn warmonger, 2 cacodemons, 2 soul
eaters and an orange demon.

Vanquished Creatures
  A seraph (Pan)
  3 dread liches
  2 ancient liches (Tar:7)
  Mennas (Vaults:2)
  35 royal mummies
  Boris (Depths:3)
  19 shard shrikes
  2 curse toes (Crypt:3)
  3 caustic shrikes (Depths:4)
  Geryon (Hell)
  6 golden dragons
  2 pearl dragons (Pan)
  2 Brimstone Fiends (Pan)
  9 doom hounds
  A profane servitor (Tar:1)
  A shard shrike zombie (Tomb:2)
  16 bone dragons (Tar:7)
  16 Tzitzimimeh
  6 pandemonium lords (Pan)
  2 tentacled monstrosities
  7 Hell Sentinels (Pan)
  27 Ice Fiends
  10 liches
  5 tainted leviathans (Tar:7)
  11 titans
  3 quicksilver dragons
  12 Executioners (Pan)
  Murray (Hell)
  10 sphinxes
  A walking divine tome (Depths:2)
  15 ancient champions
  6 shadow dragons
  2 storm dragons
  8 tengu reavers
  5 revenants
  4 azure jellies
  28 daevas (Pan)
  20 narguns
  9 fire giants
  3 iron dragons
  3 emperor scorpions
  3 spectral juggernauts
  6 frost giants
  9 demonspawn warmongers (Pan)
  A juggernaut zombie (Hell)
  12 vault wardens
  A spectral caustic shrike (Tar:2)
  A draconian shifter (Depths:4)
  8 ghost moths
  A ghost moth (shapeshifter) (Vaults:5)
  2 orc warlords (Orc:2)
  9 balrugs
  6 shard shrike simulacra
  57 angels
  11 ghouls
  3 curse skulls
  A draconian annihilator (Depths:4)
  4 demonspawn corrupters (Pan)
  9 cacodemons
  9 broodmothers
  6 spriggan defenders
  3 demonspawn blood saints (Pan)
  8 reapers
  16 stone giants
  13 ironbound preservers
  30 very ugly things
  A green draconian (Depths:4)
  61 apis (Pan)
  9 vampire knights
  A caustic shrike skeleton (Hell)
  3 ironbound thunderhulks
  2 war gargoyles
  3 demonspawn black suns (Pan)
  A juggernaut skeleton (Hell)
  A black draconian (Depths:4)
  35 ophanim (Pan)
  5 putrid mouths (Tar:7)
  A deep elf annihilator (Vaults:4)
  27 elemental wellsprings
  4 spark wasps
  9 dire elephants
  A red draconian (Depths:4)
  8 lorocyprocas (Pan)
  A purple draconian (Depths:4)
  18 wendigos
  11 eidola
  12 blizzard demons (Pan)
  4 crystal guardians
  8 bennus
  27 mummy priests
  13 ettins
  An acid blob zombie (Crypt:2)
  6 deep elf death magi
  The ghost of hgbash the Severer, a journeyman MiFi (D:12)
  Josephine (D:11)
  4 great orbs of eyes
  2 green deaths
  7 fire dragons
  A spectral spriggan (Tar:2)
  A merfolk impaler (Shoals:2)
  12 jiangshi
  A merfolk javelineer (Depths:4)
  12 yaktaur captains
  3 deep elf high priests (Vaults:5)
  6 hydras
  11 ice dragons
  5 entropy weavers
  An ogre mage (Vaults:4)
  4 peacekeepers
  6 rakshasas
  5 hell beasts
  2 jorogumos (Spider:2)
  37 vault guards
  A merfolk avatar (Shoals:1)
  7 radroaches
  16 juggernaut simulacra
  A catoblepas (D:13)
  8 centaur warriors
  A spriggan air mage (Depths:3)
  A bennu zombie (Crypt:3)
  7 caustic shrike simulacra
  An anaconda (shapeshifter) (Vaults:5)
  A death knight (Crypt:1)
  6 ironbound frosthearts
  An alligator (shapeshifter) (Vaults:5)
  6 boulder beetles
  6 hell hogs
  3 tengu warriors
  3 two-headed ogres
  89 death scarabs
  3 spriggan skeletons
  11 vampire magi
  7 deep troll earth magi
  4 deep troll shamans
  3 dancing weapons
  10 hell knights
  3 spriggan berserkers
  A titan zombie (Hell)
  31 soul eaters
  Amaemon (D:8)
  2 storm dragon zombies
  Sonja (Lair:1)
  4 iron trolls
  A salamander mystic (Depths:4)
  A spectral storm dragon (Tar:1)
  3 skysharks
  41 sun demons
  31 skeletal warriors
  A titan skeleton (Tomb:2)
  7 sixfirhies
  17 shadow wraiths
  6 pharaoh ants
  2 spark wasp zombies
  A sun moth (Spider:4)
  27 cherubim (Pan)
  5 sea snakes
  42 deep trolls
  A spectral bunyip (Tar:2)
  An anaconda zombie (Hell)
  3 flayed ghosts
  A kraken simulacrum (Hell)
  16 orb spiders
  4 shadow demons (Pan)
  3 glowing orange brains
  4 bog bodies
  2 golden dragon zombies
  2 quicksilver dragon simulacra
  A wolf spider zombie (D:15)
  A lindwurm (Vaults:1)
  47 large abominations
  8 wizards
  Pikel (D:5)
  6 spriggan simulacra
  14 ironbound convokers
  8 phantasmal warriors
  2 iron giant skeletons
  11 steelbarb worms
  The ghost of oldplebian the Chopper, a novice HOCA of Ignis (D:5)
  2 orc knights
  A fenstrider witch simulacrum (Coc:1)
  A deep elf pyromancer (D:15)
  A lindwurm (shapeshifter) (Vaults:5)
  11 harpies
  A frost giant zombie (Hell)
  A wolf spider (shapeshifter) (Vaults:5)
  13 wolf spiders
  A tengu skeleton (Depths:2)
  An iron dragon zombie (Depths:2)
  A tengu zombie (Hell)
  A fire giant zombie (Hell)
  10 necromancers
  A salamander (shapeshifter) (D:14)
  5 orc sorcerers
  7 fauns
  9 manticores
  2 salamanders (Depths:4)
  47 ugly things
  A spectral centaur (Tar:2)
  A stone giant skeleton (Hell)
  A spectral alligator snapping turtle (Tar:1)
  11 elephants
  3 moths of wrath
  3 water nymphs
  3 cyclopes
  A shadow dragon skeleton (Hell)
  2 centaur zombies
  5 molten gargoyles (Hell)
  An elephant slug zombie (Crypt:3)
  A merfolk siren (Shoals:2)
  39 smoke demons
  28 demonic crawlers
  4 titan simulacra
  An ice statue (Coc:7)
  An apocalypse crab (Shoals:1)
  A naga mage (D:15)
  6 black mambas
  14 cane toads
  A dire elephant skeleton (Crypt:3)
  8 torpor snails
  14 orange demons
  12 vault sentinels
  2 gargoyles
  3 centaur skeletons
  12 hellions
  20 yaktaurs
  3 unseen horrors (Depths:3)
  An alligator snapping turtle skeleton (Crypt:3)
  4 freezing wraiths
  7 komodo dragons
  Psyche (D:8)
  2 efreet (D:13)
  2 rime drakes (Lair:3)
  A spark wasp simulacrum (Depths:1)
  3 kobold demonologists
  A sea snake zombie (Hell)
  30 tormentors
  7 anaconda simulacra
  3 spectral harpies
  8 red devils
  7 ice devils
  5 tengu conjurers
  44 guardian mummies
  5 trolls
  A catoblepas skeleton (Crypt:1)
  3 harpy zombies
  A golden dragon simulacrum (Coc:7)
  A black draconian skeleton (Crypt:1)
  2 silent spectres (Tar:1)
  7 meliai
  A yellow draconian skeleton (Crypt:2)
  4 merfolk
  7 polar bears
  3 wind drakes
  28 tarantellas
  3 harpy skeletons
  4 hellwings (Pan)
  6 hornets
  2 ettin zombies
  2 iron dragon simulacra
  4 blink frogs (Lair:2)
  An alligator zombie (Hell)
  Prince Ribbit (D:8)
  20 dream sheep
  A jumping spider (shapeshifter) (Vaults:5)
  An ettin skeleton (Vaults:4)
  A fire dragon zombie (Crypt:1)
  2 snapping turtles
  33 slime creatures
  A stone giant simulacrum (Vaults:4)
  35 jumping spiders
  27 ynoxinuls (Pan)
  21 culicivoras
  16 spriggans
  4 dire elephant simulacra
  Sigmund (D:5)
  10 wraiths
  A centaur simulacrum (D:13)
  3 vampires
  Eustachio (D:4)
  30 flying skulls
  5 wyverns
  8 water elementals
  A shadow (D:11)
  6 fire bats
  7 ushabtiu
  7 humans (Bailey)
  2 black mamba skeletons
  A tyrant leech zombie (Crypt:3)
  29 yaks
  An alligator snapping turtle simulacrum (Coc:3)
  4 basilisks
  24 chaos spawn
  A steam dragon (D:10)
  47 redbacks
  A sea snake simulacrum (Hell)
  10 neqoxecs (Pan)
  8 vampire mosquitoes
  Menkaure (D:4)
  3 wargs
  Edmund (D:6)
  2 human zombies
  A glowing shapeshifter zombie (Hell)
  12 harpy simulacra
  2 acid dragons
  4 hydra simulacra
  14 water moccasins
  A demonspawn skeleton (Hell)
  Duvessa (D:4)
  A glowing shapeshifter skeleton (Crypt:2)
  A hell hound (D:12)
  A human skeleton (Vaults:4)
  3 ice beasts
  29 orc warriors
  A sky beast (D:7)
  7 black bears
  5 ogres
  3 ettin simulacra
  7 boggarts
  24 wolves
  A swamp dragon skeleton (Crypt:2)
  9 centaurs
  4 small abominations (Depths:3)
  A hog skeleton (Crypt:2)
  A vine stalker zombie (Crypt:1)
  2 kobold brigands
  26 bullfrogs
  Blork the orc (D:5)
  4 necrophages
  A yaktaur skeleton (Crypt:2)
  6 naga simulacra
  9 scorpions
  14 wights
  An elf skeleton (Crypt:2)
  Dowan (D:4)
  6 killer bees (D:8)
  A raiju skeleton (Crypt:3)
  4 electric eels
  A howler monkey (D:11)
  A wolf skeleton (Crypt:1)
  A bullfrog zombie (D:5)
  25 orc priests
  3 jellies
  2 gnoll boudas
  3 hounds
  A scorpion zombie (D:5)
  2 sleepcaps
  7 iguanas
  25 orc wizards
  5 hell rats (Lair:1)
  A killer bee zombie (Crypt:2)
  A howler monkey zombie (Crypt:3)
  62 mummies
  Robin (D:3)
  11 gnolls
  8 adders
  A swamp drake skeleton (Crypt:3)
  2 white imps (Coc:6)
  An adder skeleton (Crypt:1)
  3 worms
  3 dart slugs
  98 orcs
  7 endoplasms
  2 giant cockroaches
  18 goblins
  12 hobgoblins
  7 jackals
  5 quokkas
  9 ball pythons
  12 bats
  14 kobolds
  An orc zombie (Crypt:3)
  A quokka zombie (Crypt:3)
  2 rats
  A rat zombie (Crypt:1)
  A ball lightning (Pan)
  A bush (D:9)
  A butterfly (Lair:2)
  5 fire vortices
  A tentacle (Hell)
2988 creatures vanquished.

Vanquished Creatures (collateral kills)
  Ereshkigal (Tar:7)
  A dread lich (Tar:7)
  A profane servitor (Tar:6)
  4 bone dragons
  2 Tzitzimimeh (Tar:7)
  4 doom hounds (Tar:7)
  2 spectral shard shrikes
  An Ice Fiend (Pan)
  A Hell Sentinel (Pan)
  6 tainted leviathans
  A demonspawn warmonger (Pan)
  2 vault wardens (Vaults:1)
  A balrug (Pan)
  A ghost moth (Pan)
  2 cacodemons (Pan)
  A spectral caustic shrike (Tar:5)
  An ironbound preserver (Vaults:2)
  A war gargoyle (Vaults:2)
  5 very ugly things (Vaults:2)
  2 reapers
  A demonspawn blood saint (Pan)
  A demonspawn black sun (Pan)
  5 putrid mouths
  2 dire elephants (Vaults:2)
  A lorocyproca (Pan)
  4 eidola
  2 blizzard demons (Pan)
  A green death (Pan)
  A spectral spriggan (Tar:1)
  A vault guard (Vaults:2)
  A spectral iron giant (Tar:5)
  A merfolk impaler (Shoals:4)
  An ironbound frostheart (Vaults:1)
  2 centaur warriors
  2 satyrs (Shoals:4)
  A merfolk avatar (Shoals:4)
  A hell hog (Hell)
  A spectral dire elephant (Tar:2)
  4 sun demons (Pan)
  5 soul eaters (Pan)
  A shadow wraith (Tar:7)
  6 deep trolls
  A sixfirhy (Pan)
  A sea snake (Shoals:4)
  A spectral hydra (Tar:2)
  An ironbound convoker (Vaults:2)
  6 harpies
  A cyclops (Shoals:3)
  3 manticores
  6 fauns
  A wizard (Vaults:2)
  An ugly thing (Vaults:2)
  A spectral centaur (Tar:1)
  A rust devil (Pan)
  7 demonic crawlers (Pan)
  12 smoke demons (Pan)
  3 vault sentinels
  2 orange demons (Pan)
  4 yaktaurs
  2 hellions
  8 tormentors
  2 spectral nagas
  2 spectral harpies
  An ice devil (Hell)
  A hellwing (Pan)
  6 merfolk
  A snapping turtle (Shoals:3)
  7 dream sheep (Shoals:3)
  6 ynoxinuls (Pan)
  2 large abominations (Pan)
  6 chaos spawn (Pan)
  4 neqoxecs (Pan)
  5 hell hounds (Pan)
190 creatures vanquished.

Vanquished Creatures (others)
  Antaeus (Coc:7)
  the Serpent of Hell (Coc:7)
  An ancient lich (Coc:3)
  A profane servitor (Tar:7)
  A Tzitzimitl (Tar:7)
  A spectral shard shrike (Tar:6)
  Mlioglotl (Shoals:4)
  A Hell Sentinel (Pan)
  A tentacled monstrosity (Hell)
  A tainted leviathan (Tar:7)
  2 pandemonium lords (Pan)
  A titan (Coc:6)
  An Executioner (Pan)
  An eldritch tentacle (Tomb:2)
  2 demonspawn warmongers (Pan)
  2 shard shrike simulacra (Coc:6)
  A balrug (Pan)
  2 demonspawn blood saints (Pan)
  A cacodemon (Pan)
  A juggernaut zombie (Hell)
  3 vault wardens (Vaults:2)
  5 reapers
  4 ironbound preservers
  3 demonspawn corrupters (Pan)
  2 bennus (Tomb:1)
  A red draconian (Depths:4)
  4 demonspawn black suns (Pan)
  An eidolon (Tar:6)
  3 wendigos
  4 blizzard demons
  A merfolk impaler (Shoals:4)
  A mummy priest (Tomb:2)
  3 yaktaur captains
  2 great orbs of eyes
  A spriggan zombie (Crypt:3)
  A vault guard (Vaults:2)
  4 caustic shrike simulacra
  2 ironbound frosthearts
  2 centaur warriors
  2 juggernaut simulacra
  A merfolk avatar (Shoals:2)
  A jorogumo (Spider:4)
  A hell hog (Hell)
  2 satyrs (Shoals:4)
  A boulder beetle (Vaults:2)
  A spectral orc (Tar:2)
  7 soul eaters
  2 sun demons
  A skyshark (Shoals:2)
  A wretched star (Shoals:1)
  A sixfirhy (Pan)
  8 deep trolls
  2 shadow demons (Pan)
  A quicksilver dragon simulacrum (Coc:7)
  A cherub (Pan)
  A glowing orange brain (Vaults:2)
  5 spriggan simulacra
  9 harpies
  5 wizards (Vaults:2)
  A necromancer (Hell)
  A deep elf pyromancer (D:14)
  A deep elf zephyrmancer (D:15)
  4 fauns
  A stone giant zombie (Hell)
  An ugly thing (Vaults:2)
  2 manticores
  2 merfolk sirens
  A centaur zombie (Hell)
  3 vault sentinels
  10 smoke demons
  A titan simulacrum (Coc:3)
  A bunyip simulacrum (Coc:2)
  A storm dragon simulacrum (Coc:1)
  2 hellions
  An unseen horror (D:12)
  A spectral naga (Tar:6)
  2 ice devils (Hell)
  4 tormentors
  A freezing wraith (Coc:4)
  9 yaktaurs
  2 anaconda simulacra
  A golden dragon simulacrum (Coc:6)
  An iron giant simulacrum (Coc:5)
  A red devil (Hell)
  7 merfolk
  A wind drake (Shoals:4)
  2 tarantellas (Spider:4)
  A dream sheep (Lair:3)
  A stone giant simulacrum (Coc:7)
  2 iron dragon simulacra
  A snapping turtle (Shoals:3)
  A culicivora (Spider:4)
  A jumping spider (Spider:4)
  8 ynoxinuls (Pan)
  2 dire elephant simulacra
  A wraith (Vaults:2)
  A water elemental (Shoals:3)
  An alligator snapping turtle simulacrum (Coc:2)
  6 chaos spawn (Pan)
  A neqoxec (Pan)
  3 redbacks (Vaults:2)
  2 harpy simulacra
  A hydra simulacrum (Coc:7)
  7 large abominations (Pan)
  2 ettin simulacra
  A mummy (Tomb:2)
  2 orcs (D:10)
  5 ball lightnings (Pan)
  A fire vortex (Pan)
  30 fungi
  282 plants
  3 starspawn tentacles (Pan)
  3 tentacles (Hell)
558 creatures vanquished.

Grand Total: 3736 creatures vanquished

Notes
Turn   | Place    | Note
-------+----------+-------------------------------------------
     0 | D:1      | GigaChad the Formicid Fighter began the quest for the Orb.
     0 | D:1      | Reached XP level 1. HP: 18/18 MP: 1/1
    48 | D:1      | Reached XP level 2. HP: 9/24 MP: 2/2
    56 | D:1      | Entered explore mode.
   484 | D:1      | Reached XP level 3. HP: 29/29 MP: 3/3
   548 | D:1      | Upgraded the game from 0.30-a0-1066-g63dfefce0d to
                  | 0.30-a0-1074-g5db6f66fbb
  1179 | D:2      | Found an opulent altar of Gozag.
  1198 | D:2      | Became a worshipper of Gozag Ym Sagoz the Greedy
  1307 | D:2      | Reached XP level 4. HP: 29/37 MP: 4/4
  1721 | D:2      | Found Otty's Antique Weapon Shoppe.
  2007 | D:3      | Reached XP level 5. HP: 42/42 MP: 5/5
  2205 | D:3      | Reached skill level 5 in Shields
  2205 | D:3      | Reached XP level 6. HP: 39/48 MP: 6/6
  2206 | D:3      | Noticed Robin
  2238 | D:3      | Killed Robin
  2299 | D:3      | Slain by a worm (8 damage)
  2712 | D:3      | Killed by divine providence
                  | ... invoked by an orc priest
                  | (13 damage)
  2718 | D:3      | Reached skill level 5 in Axes
  3049 | D:4      | Reached XP level 7. HP: 48/55 MP: 7/7
  3136 | D:4      | Noticed Duvessa
  3136 | D:4      | Noticed Dowan
  3158 | D:4      | HP: 1/45 [Duvessa/bolt of light (18)]
  3158 | D:4      | Slain by Dowan
                  | ... wielding a +0 dagger
                  | (1 damage)
  3167 | D:4      | Killed Dowan
  3169 | D:4      | Killed Duvessa
  3387 | D:4      | Noticed Menkaure
  3395 | D:4      | Killed Menkaure
  3557 | D:4      | Reached skill level 5 in Fighting
  3595 | D:4      | Reached XP level 8. HP: 49/62 MP: 8/8
  3721 | D:4      | Noticed Eustachio
  3790 | D:4      | Killed Eustachio
  4246 | D:4      | Identified the +0 chain mail "Ejofosm" {rC+}
  4519 | D:5      | Entered Level 5 of the Dungeon
  4519 | D:5      | Found a shimmering altar of Xom.
  4519 | D:5      | Found a blossoming altar of Fedhas.
  4519 | D:5      | Found an iron altar of Okawaru.
  4519 | D:5      | Found a broken altar of Ashenzari.
  4519 | D:5      | Found a bloodstained altar of Trog.
  4533 | D:5      | Noticed Sigmund
  4546 | D:5      | Killed Sigmund
  4547 | D:5      | Reached skill level 5 in Armour
  4551 | D:5      | Noticed Pikel
  4568 | D:5      | Killed Pikel
  4569 | D:5      | Reached XP level 9. HP: 46/69 MP: 9/9
  4651 | D:5      | Found Hufiezyth's Armour Shop.
  4659 | D:5      | Bought a +0 plate armour for 276 gold pieces
  5026 | D:5      | Found a runed translucent gate.
  5026 | D:5      | Found a runed translucent gate.
  5026 | D:5      | Found a runed translucent gate.
  5026 | D:5      | Noticed oldplebian's ghost (novice HOCA)
  5028 | D:5      | Found a basalt altar of Yredelemnul.
  5028 | D:5      | Noticed Blork the orc
  5040 | D:5      | Killed Blork the orc
  5079 | D:5      | Killed oldplebian's ghost
  5834 | D:6      | Found a staircase to the Ecumenical Temple.
  6030 | D:6      | Reached skill level 10 in Axes
  6126 | D:6      | Reached XP level 10. HP: 69/77 MP: 10/10
  6198 | D:6      | Noticed Edmund
  6212 | D:6      | Killed Edmund
  6246 | D:6      | Slain by a wight
                  | ... wielding a +0 mace
                  | (4 damage)
  6250 | D:6      | Slain by a wight
                  | ... wielding a +5 halberd
                  | (8 damage)
  7075 | D:7      | You fall into a shaft and drop 1 floor!
  7094 | D:8      | Reached skill level 1 in Evocations
  7147 | D:7      | HP: 2/76 [gnoll/+0 spear (5)]
  7150 | D:7      | Slain by an iguana (3 damage)
  7726 | D:8      | Noticed Psyche
  7747 | D:8      | Killed Psyche
  7995 | D:8      | Noticed Prince Ribbit
  8030 | D:8      | HP: 2/79 [Prince Ribbit (3)]
  8031 | D:8      | Killed Prince Ribbit
  8505 | D:8      | Noticed Amaemon
  8506 | D:8      | Noticed an orange demon
  8519 | D:8      | Asphyxiated
  8531 | D:8      | HP: 1/79 [orange demon[Amaemon] (4)]
  8532 | D:8      | Succumbed to an orange demon's poison
  8541 | D:8      | HP: 3/79 [Amaemon/+1 demon whip of venom (2)]
  8542 | D:8      | Succumbed to Amaemon's poison
  8548 | D:8      | HP: 2/79 [poisoned by Amaemon]
  8548 | D:8      | Mangled by Amaemon
                  | ... wielding a +1 demon whip of venom
                  | (10 damage)
  8551 | D:8      | Killed Amaemon
  8555 | D:8      | HP: 4/80 [poisoned by an orange demon]
  8555 | D:8      | Slain by an orange demon (5 damage)
                  | ... led by Amaemon
  8560 | D:8      | Killed an orange demon
  8899 | D:8      | Reached XP level 11. HP: 80/81 MP: 11/11
  8929 | D:8      | Reached skill level 1 in Maces & Flails
  9248 | D:9      | Found a staircase to the Orcish Mines.
  9298 | D:9      | Noticed a sixfirhy
  9312 | D:9      | Slain by a sixfirhy (12 damage)
                  | ... summoned by a kobold demonologist
  9340 | D:9      | HP: 1/86 [white imp[a kobold demonologist] (4)]
  9341 | D:9      | Slain by a white imp (3 damage)
                  | ... summoned by a kobold demonologist
  9614 | D:9      | Found a transporter.
  9657 | D:9      | Found a transporter.
  9703 | D:9      | Found a transporter.
  9716 | D:9      | Found a transporter.
  9875 | D:9      | Found a flagged portal.
 10002 | Bailey   | Entered a bailey
 10062 | Bailey   | Slain by a human
                  | ... wielding a +2 heavy hand axe
                  | (13 damage)
 10397 | Bailey   | Noticed a vault guard
 10419 | Bailey   | Killed a vault guard
 10951 | Bailey   | Noticed a vault guard
 10968 | Bailey   | Mangled by a cane toad (16 damage)
 10982 | Bailey   | Killed a vault guard
 10983 | Bailey   | Reached skill level 5 in Maces & Flails
 11482 | D:9      | HP: 4/87 [poisoned by a gnoll]
 11485 | D:9      | HP: 1/87 [gnoll/+0 spear[a gnoll bouda] (4)]
 11489 | D:9      | Slain by a gnoll
                  | ... wielding a +0 halberd
                  | ... led by a gnoll bouda
                  | (3 damage)
 11645 | D:9      | Found a white marble altar of Elyvilon.
 11732 | D:9      | Found a transporter.
 11763 | D:9      | Found a transporter.
 12283 | D:10     | Entered Level 10 of the Dungeon
 12323 | D:10     | Reached XP level 12. HP: 74/93 MP: 12/12
 12624 | D:10     | Found an ornate altar of the Wu Jian Council.
 12778 | D:10     | Found a staircase to the Lair.
 13212 | Lair:1   | Entered Level 1 of the Lair of Beasts
 13604 | Lair:1   | Noticed Sonja
 13622 | Lair:1   | HP: 1/96 [poisoned by Sonja]
 13623 | Lair:1   | Succumbed to Sonja's poison
 13626 | Lair:1   | Killed Sonja
 13627 | Lair:1   | Reached skill level 5 in Evocations
 13900 | Lair:1   | HP: 4/96 [cane toad (17)]
 13902 | Lair:1   | Succumbed to a cane toad's poison
 13911 | Lair:1   | Slain by a cane toad (17 damage)
 13914 | Lair:1   | Reached skill level 10 in Armour
 14655 | Lair:2   | Noticed a six-headed hydra
 14663 | Lair:2   | HP: 1/97 [nine-headed hydra (8)]
 14664 | Lair:2   | Slain by a ten-headed hydra (6 damage)
 14670 | Lair:2   | Slain by a 14-headed hydra (9 damage)
 14674 | Lair:2   | HP: 1/97 [16-headed hydra (7)]
 14674 | Lair:2   | Mangled by a 16-headed hydra (7 damage)
 14678 | Lair:2   | Mangled by a 19-headed hydra (8 damage)
 14680 | Lair:2   | HP: 4/97 [20-headed hydra (9)]
 14680 | Lair:2   | HP: 1/97 [20-headed hydra (2)]
 14680 | Lair:2   | Mangled by a 20-headed hydra (12 damage)
 14683 | Lair:2   | Killed a 19-headed hydra
 14808 | Lair:2   | Reached XP level 13. HP: 49/103 MP: 13/13
 14990 | Lair:2   | HP: 5/103 [poisoned by a black mamba]
 14990 | Lair:2   | HP: 2/103 [black mamba (3)]
 14991 | Lair:2   | Succumbed to a black mamba's poison
 15562 | Lair:2   | Reached skill level 10 in Fighting
 16307 | Lair:3   | Noticed a seven-headed hydra
 16318 | Lair:3   | HP: 3/103 [nine-headed hydra (3)]
 16318 | Lair:3   | Slain by a nine-headed hydra (6 damage)
 16322 | Lair:3   | Mangled by an 11-headed hydra (16 damage)
 16326 | Lair:3   | HP: 1/103 [13-headed hydra (8)]
 16326 | Lair:3   | Slain by a 13-headed hydra (1 damage)
 16328 | Lair:3   | Reached skill level 10 in Shields
 16330 | Lair:3   | Killed a 15-headed hydra
 16726 | Lair:3   | Found a staircase to the Shoals.
 17628 | Lair:3   | Found a hole to the Spider Nest.
 17637 | Lair:3   | Succumbed to a redback's poison
 18005 | Lair:3   | Noticed a five-headed hydra
 18018 | Lair:3   | HP: 5/104 [seven-headed hydra (4)]
 18020 | Lair:3   | Slain by a seven-headed hydra (11 damage)
 18027 | Lair:3   | HP: 2/104 [12-headed hydra (11)]
 18027 | Lair:3   | Slain by a 12-headed hydra (7 damage)
 18032 | Lair:3   | HP: 5/104 [14-headed hydra (1)]
 18032 | Lair:3   | HP: 1/104 [14-headed hydra (4)]
 18032 | Lair:3   | Slain by a 14-headed hydra (3 damage)
 18037 | Lair:3   | HP: 1/104 [17-headed hydra (3)]
 18037 | Lair:3   | Mangled by a 17-headed hydra (9 damage)
 18040 | Lair:3   | Killed a 20-headed hydra
 18877 | Lair:4   | Reached XP level 14. HP: 94/111 MP: 14/14
 18886 | Lair:4   | HP: 2/111 [komodo dragon (21)]
 19936 | Lair:5   | Entered Level 5 of the Lair of Beasts
 20238 | Lair:5   | Found a staircase to the Slime Pits.
 20239 | Lair:5   | Found a viscous altar of Jiyva.
 20386 | Lair:5   | Slain by a 12-headed hydra (9 damage)
 20392 | Lair:5   | HP: 5/113 [16-headed hydra (2)]
 20393 | Lair:5   | Mangled by a 16-headed hydra (11 damage)
 20398 | Lair:5   | HP: 1/113 [20-headed hydra (8)]
 20398 | Lair:5   | Mangled by a 20-headed hydra (10 damage)
 20850 | Lair:5   | Slain by a dream sheep (23 damage)
 20953 | Lair:5   | HP: 2/113 [spriggan rider/+0 spear (8)]
 20954 | Lair:5   | Mangled by a nine-headed hydra (11 damage)
                  | ... summoned by a boggart
 20963 | Lair:5   | HP: 5/113 [black mamba[a boggart] (11)]
 20963 | Lair:5   | HP: 2/113 [13-headed hydra[a boggart] (3)]
 20963 | Lair:5   | Slain by a 13-headed hydra (4 damage)
                  | ... summoned by a boggart
 20992 | Lair:5   | HP: 4/113 [wolf (2)]
 20996 | Lair:5   | HP: 1/113 [poisoned by a water moccasin]
 20996 | Lair:5   | Slain by a wolf (3 damage)
 21311 | Lair:5   | Found an ancient bone altar of Kikubaaqudgha.
 21455 | Lair:5   | HP: 3/113 [eight-headed hydra[a boggart] (11)]
 21456 | Lair:5   | HP: 1/113 [water moccasin[a boggart] (2)]
 21456 | Lair:5   | Slain by an eight-headed hydra (2 damage)
                  | ... summoned by a boggart
 21460 | Lair:5   | Slain by a ten-headed hydra (2 damage)
                  | ... summoned by a boggart
 21465 | Lair:5   | Annihilated by a polar bear (39 damage)
 22445 | Shoals:1 | Entered Level 1 of the Shoals
 22919 | Shoals:1 | Reached XP level 15. HP: 20/120 MP: 1/15
 23360 | Shoals:1 | Found a runed translucent door.
 23366 | Shoals:1 | Found a corrupted altar of Lugonu.
 23379 | Shoals:1 | Found a one-way gate to the infinite horrors of the Abyss.
 23987 | Shoals:2 | Drowned by a water nymph (11 damage)
 24086 | Shoals:2 | HP: 6/120 [poisoned by a sea snake]
 24087 | Shoals:2 | Slain by a sea snake (5 damage)
 24593 | Shoals:2 | You fall into a shaft and drop 1 floor!
 25089 | Shoals:3 | Found Negau's Antique Armour Boutique.
 25110 | Shoals:3 | Noticed Donald
 25172 | Shoals:3 | Identified a scroll of acquirement
 25188 | Shoals:3 | Acquired the ring "Yneech" {rPois rF+ rC+ rN+ Str+7}
 25817 | Shoals:4 | Entered Level 4 of the Shoals
 25830 | Shoals:4 | Noticed Bai Suzhen
 25831 | Shoals:4 | Noticed Mlioglotl
 25837 | Shoals:4 | Slain by a merfolk
                  | ... wielding a +0 spear
                  | ... led by a merfolk impaler
                  | (15 damage)
 25908 | Shoals:4 | Killed Mlioglotl
 25939 | Shoals:4 | Reached skill level 10 in Maces & Flails
 25944 | Shoals:4 | Reached skill level 15 in Axes
 26063 | Shoals:4 | Got a barnacled rune of Zot
 26154 | Shoals:4 | Reached skill level 1 in Polearms
 26536 | Shoals:4 | Got the Secrets of Graupel
 26590 | Shoals:4 | Identified the scarf of Baitoerr {+Inv, Int+3}
 27087 | Shoals:2 | Reached XP level 16. HP: 129/129 MP: 16/16
 27239 | Spider:1 | Entered Level 1 of the Spider Nest
 28069 | Spider:1 | HP: 1/129 [redback (9)]
 28070 | Spider:1 | Mangled by a redback (10 damage)
 28328 | Spider:1 | HP: 3/129 [demonic crawler (14)]
 28329 | Spider:1 | Slain by a demonic crawler (5 damage)
 30340 | Spider:2 | Noticed an emperor scorpion
 30362 | Spider:2 | Killed an emperor scorpion
 30666 | Spider:2 | Reached skill level 1 in Spellcasting
 30967 | Spider:2 | Reached skill level 5 in Polearms
 31466 | Spider:2 | HP: 6/124 [demonic crawler (4)]
 31467 | Spider:2 | Mangled by a demonic crawler (14 damage)
 31673 | Spider:2 | HP: 2/116 [radroach (13)]
 31688 | Spider:2 | Slain by a radroach (8 damage)
 31838 | Spider:2 | HP: 1/119 [poisoned by a redback]
 31839 | Spider:2 | Succumbed to a redback's poison
 31845 | Spider:2 | Slain by an entropy weaver (13 damage)
 31849 | Spider:2 | HP: 5/125 [poisoned by a redback]
 31849 | Spider:2 | Mangled by an entropy weaver (11 damage)
 31852 | Spider:2 | HP: 1/125 [entropy weaver (3)]
 31853 | Spider:2 | Succumbed to a redback's poison
 31857 | Spider:2 | Slain by a steelbarb worm (15 damage)
 31864 | Spider:2 | Slain by a redback (11 damage)
 31869 | Spider:2 | HP: 3/126 [redback (5)]
 31869 | Spider:2 | Slain by a torpor snail (5 damage)
 31873 | Spider:2 | Mangled by a redback (14 damage)
 31878 | Spider:2 | HP: 4/127 [torpor snail (9)]
 31878 | Spider:2 | Mangled by a redback (12 damage)
 31882 | Spider:2 | Slain by a redback (12 damage)
 31885 | Spider:2 | Slain by a steelbarb worm (17 damage)
                  | ... led by a torpor snail
 31888 | Spider:2 | Slain by an entropy weaver (11 damage)
 31891 | Spider:2 | HP: 6/127 [torpor snail (10)]
 31892 | Spider:2 | HP: 1/127 [poisoned by a redback]
 31892 | Spider:2 | Mangled by a demonic crawler (14 damage)
 31895 | Spider:2 | Demolished by a steelbarb worm (18 damage)
                  | ... led by a torpor snail
 31899 | Spider:2 | HP: 3/127 [redback (7)]
 31899 | Spider:2 | Slain by an entropy weaver (4 damage)
 31902 | Spider:2 | HP: 1/127 [torpor snail (2)]
 31902 | Spider:2 | Slain by a demonic crawler (3 damage)
 31905 | Spider:2 | Mangled by a demonic crawler (16 damage)
 31908 | Spider:2 | Slain by an entropy weaver (14 damage)
 31910 | Spider:2 | Slain by a steelbarb worm (12 damage)
                  | ... led by a torpor snail
 31912 | Spider:2 | Mangled by an entropy weaver (15 damage)
 31915 | Spider:2 | HP: 5/127 [poisoned by a redback]
 31915 | Spider:2 | Slain by a redback (9 damage)
 31921 | Spider:2 | Mangled by a steelbarb worm (18 damage)
                  | ... led by a torpor snail
 31922 | Spider:2 | You fall into a shaft and drop 1 floor!
 31936 | Spider:3 | HP: 5/127 [poisoned by a redback]
 31937 | Spider:3 | HP: 2/129 [barbs]
 31937 | Spider:3 | Succumbed to a redback's poison
 32074 | Spider:3 | HP: 3/130 [tarantella[a broodmother] (10)]
 32076 | Spider:3 | Mangled by a jumping spider (13 damage)
                  | ... summoned by a broodmother
 32099 | Spider:3 | Slain by a jumping spider (8 damage)
                  | ... led by a broodmother
 32176 | Spider:3 | HP: 4/130 [culicivora (11)]
 32176 | Spider:3 | Slain by a tarantella (8 damage)
 32209 | Spider:3 | HP: 4/130 [culicivora (15)]
 32214 | Spider:3 | Mangled by a culicivora (13 damage)
 32406 | Spider:3 | HP: 6/130 [redback (7)]
 32407 | Spider:3 | HP: 1/130 [jumping spider (5)]
 32550 | Spider:3 | HP: 3/130 [wolf spider (15)]
 32552 | Spider:3 | Slain by a wolf spider (5 damage)
 32565 | Spider:3 | Mangled by a wolf spider (15 damage)
 32577 | Spider:3 | Reached XP level 17. HP: 59/136 MP: 20/20
 32990 | Spider:3 | HP: 4/137 [poisoned by a wolf spider]
 32991 | Spider:3 | Succumbed to a wolf spider's poison
 32996 | Spider:3 | Slain by a wolf spider (8 damage)
                  | ... led by a torpor snail
 33434 | Spider:3 | Mangled by a broodmother (21 damage)
 33491 | Spider:3 | Blown up by an orb spider (19 damage)
                  | ... with a wavering orb of destruction
 33714 | Spider:4 | Entered Level 4 of the Spider Nest
 33745 | Spider:4 | HP: 1/137 [culicivora (12)]
 33745 | Spider:4 | Blown up by a sun moth (16 damage)
                  | ... with a bolt of energy
 33757 | Spider:4 | Mangled by a jorogumo (18 damage)
 33763 | Spider:4 | Slain by a jorogumo (17 damage)
 33766 | Spider:4 | Slain by a pharaoh ant (22 damage)
 33769 | Spider:4 | Mangled by a pharaoh ant (24 damage)
 33776 | Spider:4 | Slain by a jorogumo (10 damage)
 33781 | Spider:4 | HP: 3/115 [culicivora (17)]
 33782 | Spider:4 | Slain by a culicivora (3 damage)
 33795 | Spider:4 | HP: 2/114 [culicivora (9)]
 33796 | Spider:4 | Slain by a culicivora (7 damage)
 33804 | Spider:4 | HP: 4/115 [poisoned by a jorogumo]
 33804 | Spider:4 | Mangled by a pharaoh ant (17 damage)
 33828 | Spider:4 | HP: 3/114 [tarantella (11)]
 33829 | Spider:4 | Slain by a steelbarb worm (6 damage)
 33839 | Spider:4 | Blown up by an orb spider (66 damage)
                  | ... with an orb of destruction
 33844 | Spider:4 | HP: 4/117 [tarantella (9)]
 33844 | Spider:4 | Mangled by a steelbarb worm (14 damage)
 33852 | Spider:4 | HP: 5/117 [barbs]
 33852 | Spider:4 | HP: 1/117 [poisoned by a jorogumo]
 33852 | Spider:4 | Slain by a wolf spider (3 damage)
 33860 | Spider:4 | Slain by a culicivora (16 damage)
 33868 | Spider:4 | Killed from afar by a jorogumo (19 damage)
                  | ... with a bolt of negative energy
 33878 | Spider:4 | HP: 3/114 [wolf spider (8)]
 33878 | Spider:4 | Mangled by a tarantella (12 damage)
 33887 | Spider:4 | Blown up by an orb spider (36 damage)
                  | ... with an orb of destruction
 33896 | Spider:4 | HP: 4/116 [barbs]
 33896 | Spider:4 | Mangled by a culicivora (11 damage)
 33916 | Spider:4 | HP: 4/118 [redback (10)]
 33925 | Spider:4 | HP: 3/120 [barbs]
 33926 | Spider:4 | Succumbed to barbed spike wounds
 33955 | Spider:4 | Blown up by an orb spider (43 damage)
                  | ... with a wavering orb of destruction
 34077 | Spider:4 | HP: 4/129 [tarantella (9)]
 34084 | Spider:4 | Slain by a redback (4 damage)
 34248 | Spider:4 | Blown up by an orb spider (24 damage)
                  | ... with an orb of destruction
 34283 | Spider:4 | HP: 3/135 [disintegration (16)]
 34295 | Spider:4 | Blown up by an orb spider (11 damage)
                  | ... with a wavering orb of destruction
 34439 | Spider:4 | Slain by a culicivora (14 damage)
 34458 | Spider:4 | Blown up by an orb spider (30 damage)
                  | ... with an orb of destruction
 34464 | Spider:4 | Gained mutation: Your spells are a little easier to cast,
                  | but a little less powerful. [mutagenic glow]
 34981 | Spider:4 | Slain by a torpor snail (12 damage)
 34999 | Spider:4 | HP: 6/138 [wolf spider (4)]
 35000 | Spider:4 | Slain by a wolf spider (7 damage)
 35038 | Spider:4 | Blown up by an orb spider (40 damage)
                  | ... with an orb of destruction
 35052 | Spider:4 | Blown up by an orb spider (41 damage)
                  | ... with a wavering orb of destruction
 35073 | Spider:4 | Identified the +6 trident "Attug" {venom, rElec Dex+4}
 35537 | Spider:4 | Slain by a broodmother (13 damage)
 35544 | Spider:4 | Demolished by a broodmother (29 damage)
 35551 | Spider:4 | HP: 4/138 [wolf spider[a torpor snail] (4)]
 35551 | Spider:4 | Mangled by a tarantella (12 damage)
                  | ... summoned by a broodmother
 35558 | Spider:4 | HP: 1/135 [wolf spider[a torpor snail] (8)]
 35558 | Spider:4 | Slain by a wolf spider (6 damage)
                  | ... led by a torpor snail
 35563 | Spider:4 | HP: 1/132 [wolf spider[a torpor snail] (9)]
 35563 | Spider:4 | Succumbed to a wolf spider's poison
 35572 | Spider:4 | Reached XP level 18. HP: 19/139 MP: 23/23
 35575 | Spider:4 | Slain by a culicivora (19 damage)
 35861 | Spider:4 | Got a gossamer rune of Zot
 35885 | Spider:4 | Slain by a culicivora (15 damage)
                  | ... summoned by a broodmother
 35896 | Spider:4 | Blown up by an orb spider (66 damage)
                  | ... with an orb of destruction
 35920 | Spider:4 | Reached skill level 15 in Shields
 36554 | D:11     | Reached skill level 15 in Armour
 36713 | D:11     | Noticed Josephine
 36729 | D:11     | Killed Josephine
 37450 | D:12     | Found the +11 Singing Sword {sonic wave}
 37507 | D:12     | Found a runed translucent door.
 37510 | D:12     | Found a shimmering altar of Xom.
 37510 | D:12     | Noticed hgbash's ghost (journeyman MiFi)
 37529 | D:12     | Killed hgbash's ghost
 37541 | D:12     | Identified the -1 pair of gloves of the End {Harm rElec}
 37742 | D:12     | Found a portal to a secret trove of treasure.
 37976 | D:12     | Reached skill level 10 in Evocations
 38512 | D:13     | Found a gate to the Vaults.
 38614 | D:13     | HP: 6/145 [troll (4)]
 38615 | D:13     | Annihilated by a large slime creature (28 damage)
 39017 | D:13     | Identified the ring "Kamiwam" {Fly rF+ rC+ Int+3}
 39545 | D:14     | HP: 4/146 [deep elf pyromancer (illusionary)/bolt of fire
                  | (21)]
 39547 | D:14     | Slain by a fire elemental (5 damage)
                  | ... summoned by a deep elf pyromancer
 39604 | D:14     | Reached skill level 10 in Polearms
 39937 | D:14     | Learned a level 8 spell: Lehudib's Crystal Spear
 40614 | D:14     | Found a glowing silver altar of Zin.
 40875 | D:15     | Entered Level 15 of the Dungeon
 41002 | D:15     | Identified the +11 dagger "Sunitan" {flame, rC+ Int+3}
 41149 | D:15     | HP: 2/144 [acid (10)]
 41153 | D:15     | Slain by a brown ugly thing (5 damage)
 41649 | D:15     | Reached skill level 1 in Dodging
 42001 | D:15     | Found a staircase to the Depths.
 42215 | Vaults:1 | Entered Level 1 of the Vaults
 42401 | Vaults:1 | HP: 7/146 [deep troll[an ironbound preserver] (4)]
 42404 | Vaults:1 | Slain by a deep troll (13 damage)
                  | ... led by an ironbound preserver
 42511 | Vaults:1 | Reached XP level 19. HP: 78/152 MP: 26/26
 42513 | Vaults:1 | Reached skill level 5 in Dodging
 43727 | Vaults:1 | Found Dobe's Assorted Antiques.
 44463 | Vaults:2 | Reached skill level 1 in Necromancy
 44717 | Vaults:2 | Slain by a dire elephant (24 damage)
 44788 | Vaults:2 | Reached skill level 5 in Necromancy
 45668 | Vaults:2 | Noticed Mennas
 45695 | Vaults:2 | Slain by Mennas
                  | ... wielding a +2 eudemon blade of holy wrath
                  | (13 damage)
 45717 | Vaults:2 | HP: 3/152 [Mennas/+2 eudemon blade of holy wrath (11)]
 45719 | Vaults:2 | Killed Mennas
 46459 | Vaults:2 | Found a staircase to the Crypt.
 46703 | Vaults:3 | Reached XP level 20. HP: 159/159 MP: 27/27
 46817 | Vaults:3 | Reached skill level 10 in Necromancy
 47083 | Vaults:3 | HP: 3/159 [yaktaur captain (9)]
 47085 | Vaults:3 | Slain by a dire elephant (7 damage)
 47434 | Vaults:3 | HP: 5/159 [slime creature (7)]
 47440 | Vaults:3 | Slain by a great orb of eyes (10 damage)
 47542 | Vaults:3 | HP: 1/159 [vault warden/+0 war axe (45)]
 47545 | Vaults:3 | Shot with a bolt by a vault warden (27 damage)
 47554 | Vaults:3 | Shot with a bolt by a vault warden (22 damage)
 47570 | Vaults:3 | HP: 5/159 [vault guard/+0 long sword[a vault warden] (10)]
 47571 | Vaults:3 | Shot with a bolt by a vault warden (24 damage)
 47733 | Vaults:3 | Identified the +8 scimitar "Spiderslayer" {heavy, rF++ rC+
                  | Dex+3 Stlth-}
 47898 | Vaults:4 | HP: 1/159 [peacekeeper (17)]
 47899 | Vaults:4 | Mangled by a deep troll (13 damage)
                  | ... led by an ironbound preserver
 47919 | Vaults:4 | HP: 1/159 [war gargoyle/+0 great mace[a peacekeeper] (23)]
 47920 | Vaults:4 | Slain by a crystal guardian (6 damage)
                  | ... led by a peacekeeper
 47925 | Vaults:4 | HP: 5/159 [deep troll[an ironbound preserver] (11)]
 47927 | Vaults:4 | Mangled by a deep troll (13 damage)
                  | ... led by an ironbound preserver
 47934 | Vaults:4 | Slain by a crystal guardian (18 damage)
                  | ... led by a peacekeeper
 48489 | Vaults:4 | Annihilated by a vault warden
                  | ... wielding a +2 heavy long sword
                  | (45 damage)
 48515 | Vaults:4 | HP: 5/159 [tarantella (9)]
 48520 | Vaults:4 | HP: 4/159 [vault sentinel/+0 falchion[a vault warden] (4)]
 48521 | Vaults:4 | Demolished by a yaktaur captain (19 damage)
 48537 | Vaults:4 | HP: 4/159 [fire giant/+0 great sword of flaming (5)]
 48537 | Vaults:4 | Mangled by a yaktaur captain (15 damage)
 48550 | Vaults:4 | HP: 6/159 [yaktaur/bolt[a yaktaur captain] (22)]
 48552 | Vaults:4 | Slain by a yaktaur captain (12 damage)
 49011 | Vaults:4 | Reached XP level 21. HP: 137/165 MP: 28/28
 49714 | Vaults:5 | Entered Level 5 of the Vaults
 49718 | Vaults:5 | Reached skill level 15 in Necromancy
 49724 | Vaults:5 | Slain by a vault guard
                  | ... wielding a +0 great sword
                  | (21 damage)
 49734 | Vaults:5 | Mangled by a vault guard
                  | ... wielding a +2 heavy great sword
                  | (36 damage)
 49743 | Vaults:5 | HP: 8/165 [vault guard/+2 long sword (2)]
 49743 | Vaults:5 | Mangled by a vault guard
                  | ... wielding a +0 great mace
                  | (20 damage)
 49761 | Vaults:5 | HP: 6/165 [deep troll[an ironbound preserver] (16)]
 49761 | Vaults:5 | Slain by a deep troll (11 damage)
                  | ... led by an ironbound preserver
 49771 | Vaults:5 | Slain by a vault guard
                  | ... wielding a +3 battleaxe
                  | (17 damage)
 49778 | Vaults:5 | HP: 4/165 [vault guard/+0 halberd (11)]
 49778 | Vaults:5 | Slain by a vault guard
                  | ... wielding a +0 great mace
                  | (9 damage)
 49783 | Vaults:5 | Slain by a stone giant (13 damage)
 49791 | Vaults:5 | HP: 6/165 [deep troll[an ironbound preserver] (13)]
 49791 | Vaults:5 | Killed by divine providence
                  | ... invoked by a deep elf high priest
                  | (15 damage)
 49797 | Vaults:5 | Demolished by a vault warden
                  | ... wielding a +3 battleaxe
                  | (33 damage)
 49800 | Vaults:5 | HP: 8/165 [flayed ghost/flay_damage (1)]
 49801 | Vaults:5 | Slain by a deep troll (11 damage)
                  | ... led by an ironbound preserver
 49805 | Vaults:5 | HP: 5/165 [vault warden/+3 battleaxe (35)]
 49805 | Vaults:5 | Mangled by a vault warden
                  | ... wielding a +0 battleaxe
                  | (13 damage)
 49806 | Vaults:5 | Noticed a dread lich
 49810 | Vaults:5 | Demolished by a stone giant (25 damage)
 49812 | Vaults:5 | Slain by a vault warden
                  | ... wielding a +3 battleaxe
                  | (16 damage)
 49817 | Vaults:5 | HP: 6/165 [vault guard/+0 dire flail (3)]
 49817 | Vaults:5 | HP: 1/165 [vault warden/+3 battleaxe (5)]
 49817 | Vaults:5 | Demolished by a vault warden
                  | ... wielding a +0 battleaxe
                  | (21 damage)
 49823 | Vaults:5 | HP: 7/165 [deep troll[an ironbound preserver] (4)]
 49823 | Vaults:5 | Mangled by a vault guard
                  | ... wielding a +2 bardiche
                  | (10 damage)
 49836 | Vaults:5 | HP: 1/165 [acid (10)]
 49837 | Vaults:5 | Demolished by a vault guard
                  | ... wielding a +0 halberd
                  | (19 damage)
 49846 | Vaults:5 | HP: 5/165 [vault guard/+2 bardiche (19)]
 49847 | Vaults:5 | Annihilated by a stone giant (27 damage)
 49850 | Vaults:5 | Noticed a Brimstone Fiend
 49855 | Vaults:5 | HP: 6/165 [vault guard/+0 halberd (6)]
 49856 | Vaults:5 | HP: 2/165 [Brimstone Fiend[a dread lich] (4)]
 49856 | Vaults:5 | Slain by a dread lich (7 damage)
 49859 | Vaults:5 | Noticed a dread lich
 49859 | Vaults:5 | Demolished by a white very ugly thing (22 damage)
 49860 | Vaults:5 | Killed a dread lich
 49864 | Vaults:5 | Mangled by a tengu reaver
                  | ... wielding a +1 heavy great sword
                  | (30 damage)
 49874 | Vaults:5 | HP: 4/160 [deep elf death mage/+0 short sword (6)]
 49875 | Vaults:5 | HP: 1/160 [storm dragon (3)]
 49875 | Vaults:5 | Slain by a shadow dragon (3 damage)
 49877 | Vaults:5 | Noticed a Brimstone Fiend
 49878 | Vaults:5 | Noticed a golden dragon
 49880 | Vaults:5 | HP: 1/164 [tengu reaver/+2 bardiche (13)]
 49881 | Vaults:5 | Mangled by a vault guard
                  | ... wielding a +2 bardiche
                  | (15 damage)
 49885 | Vaults:5 | Noticed a caustic shrike
 49885 | Vaults:5 | Mangled by a vault guard
                  | ... wielding a +0 bardiche
                  | ... led by a vault warden
                  | (21 damage)
 49888 | Vaults:5 | HP: 4/165 [vault guard/+2 bardiche (15)]
 49889 | Vaults:5 | a caustic shrike changed into a shadow dragon
 49889 | Vaults:5 | Slain by an iron dragon (5 damage)
 49895 | Vaults:5 | Annihilated by a titan (38 damage)
 49900 | Vaults:5 | Mangled by a titan (23 damage)
 49904 | Vaults:5 | HP: 7/157 [Hell Sentinel[a dread lich] (17)]
 49904 | Vaults:5 | Noticed a golden dragon
 49905 | Vaults:5 | Killed by divine providence
                  | ... invoked by a sphinx
                  | (9 damage)
 49910 | Vaults:5 | Killed from afar by a Hell Sentinel (44 damage)
                  | ... with an iron shot
                  | ... summoned by a dread lich
 49915 | Vaults:5 | Killed a dread lich
 49920 | Vaults:5 | Killed from afar by a frost giant (20 damage)
                  | ... with a bolt of cold
 49928 | Vaults:5 | Reached XP level 22. HP: 89/170 MP: 14/29
 49931 | Vaults:5 | Killed a golden dragon
 49931 | Vaults:5 | HP: 4/170 [yaktaur captain/bolt (31)]
 49932 | Vaults:5 | HP: 1/171 [redback (4)]
 49932 | Vaults:5 | Killed by divine providence
                  | ... invoked by a sphinx
                  | (11 damage)
 49949 | Vaults:5 | Slain by a vault guard
                  | ... wielding a +2 bardiche
                  | (15 damage)
 49956 | Vaults:5 | Slain by a tengu reaver
                  | ... wielding a +2 bardiche
                  | (30 damage)
 49963 | Vaults:5 | HP: 4/172 [deep elf high priest/divine providence (11)]
 49963 | Vaults:5 | Slain by a tengu reaver
                  | ... wielding a +2 bardiche
                  | (8 damage)
 49968 | Vaults:5 | HP: 2/169 [vault guard/+2 bardiche (8)]
 49968 | Vaults:5 | Mangled by a tengu reaver
                  | ... wielding a +2 bardiche
                  | (13 damage)
 49973 | Vaults:5 | Killed a golden dragon
 49973 | Vaults:5 | HP: 4/170 [poisoned by a tengu reaver (bolt of poison)]
 49974 | Vaults:5 | Killed from afar by a tengu reaver (22 damage)
                  | ... with a bolt of lightning
 49986 | Vaults:5 | Shot with a bolt by a yaktaur captain (34 damage)
 49994 | Vaults:5 | HP: 5/172 [titan (36)]
 49994 | Vaults:5 | Demolished by a tengu reaver
                  | ... wielding a +1 war axe of flaming
                  | (23 damage)
 50414 | Vaults:5 | Found Efyubio's Armour Boutique.
 50506 | Vaults:5 | Identified the +1 glaive "Ixisti" {vamp, Str+5}
 51173 | Vaults:5 | Got a silver rune of Zot
 51174 | Vaults:5 | Identified the +7 chain mail "Joxtud" {-Tele Regen+ Int+5
                  | Stlth+}
 51181 | Vaults:5 | Got the Encyclopedia of Twisted Embers
 51211 | Vaults:5 | Identified the staff of fire "Vawene" {rElec rF+ Str+3
                  | Int+4}
 51315 | Vaults:5 | Acquired the +3 pair of gloves "Gosin" {Fly rPois Will+
                  | Slay+2}
 51718 | Vaults:5 | Identified the +7 broad axe "Transmigrator" {spect, rF-
                  | rCorr Int+6 Dex-5}
 52327 | Crypt:1  | Entered Level 1 of the Crypt
 52367 | Crypt:1  | HP: 1/172 [skeletal warrior/+0 glaive (18)]
 52368 | Crypt:1  | Slain by a fire dragon zombie (6 damage)
 52400 | Crypt:1  | HP: 8/172 [skeletal warrior/+0 scimitar[an ancient
                  | champion] (7)]
 52401 | Crypt:1  | Slain by a skeletal warrior
                  | ... wielding a +0 glaive
                  | (10 damage)
 52739 | Crypt:1  | HP: 5/172 [skeletal warrior/+0 glaive[an ancient champion]
                  | (13)]
 52742 | Crypt:1  | Slain by a skeletal warrior
                  | ... wielding a +0 glaive
                  | ... led by an ancient champion
                  | (10 damage)
 53559 | Crypt:2  | Reached skill level 1 in Stealth
 53573 | Crypt:2  | HP: 5/172 [vampire knight/+0 great mace (21)]
 53578 | Crypt:2  | HP: 4/172 [vampire knight/+0 great mace (2)]
 53583 | Crypt:2  | Engulfed by a revenant's spectral mist (6 damage)
 53826 | Crypt:2  | Reached skill level 1 in Staves
 53830 | Crypt:2  | HP: 3/172 [jiangshi[a vampire mage] (15)]
 54399 | Crypt:2  | Slain by a ghoul (19 damage)
 55206 | Crypt:3  | Entered Level 3 of the Crypt
 55244 | Crypt:3  | HP: 5/163 [skeletal warrior/+0 short sword (10)]
 55255 | Crypt:3  | Slain by a skeletal warrior
                  | ... wielding a +0 glaive
                  | (12 damage)
 55327 | Crypt:3  | HP: 4/166 [ghoul (19)]
 55328 | Crypt:3  | Killed from afar by a bog body (14 damage)
                  | ... with a bolt of cold
 55341 | Crypt:3  | Slain by a bog body (14 damage)
 55849 | Crypt:3  | HP: 5/173 [wight/+0 mace[a curse skull] (7)]
 55849 | Crypt:3  | Demolished by a juggernaut zombie (20 damage)
                  | ... summoned by a curse skull
 55855 | Crypt:3  | HP: 2/171 [vampire knight/+1 dire flail of draining (16)]
 55855 | Crypt:3  | Mangled by a shadow wraith (8 damage)
 55863 | Crypt:3  | Demolished by a juggernaut zombie (38 damage)
                  | ... summoned by a curse skull
 55867 | Crypt:3  | Slain by a reaper
                  | ... wielding a +3 heavy scythe
                  | (35 damage)
 55873 | Crypt:3  | HP: 4/163 [shadow[a curse skull] (5)]
 55874 | Crypt:3  | Demolished by a reaper
                  | ... wielding a +3 heavy scythe
                  | (25 damage)
 55880 | Crypt:3  | Slain by a caustic shrike simulacrum (16 damage)
                  | ... summoned by a curse skull
 55887 | Crypt:3  | HP: 1/163 [caustic shrike simulacrum[a curse skull] (19)]
 55888 | Crypt:3  | Demolished by an ettin simulacrum (15 damage)
                  | ... summoned by a curse skull
 55892 | Crypt:3  | Mangled by a titan zombie (20 damage)
                  | ... summoned by a curse skull
 55896 | Crypt:3  | HP: 8/163 [flayed ghost/flay_damage[a curse skull] (1)]
 55897 | Crypt:3  | Demolished by a titan zombie (23 damage)
                  | ... summoned by a curse skull
 55901 | Crypt:3  | HP: 8/163 [ettin simulacrum[a curse skull] (9)]
 55901 | Crypt:3  | Slain by an ettin simulacrum (11 damage)
                  | ... summoned by a curse skull
 55914 | Crypt:3  | HP: 6/163 [spectral caustic shrike[a curse skull] (18)]
 55914 | Crypt:3  | Slain by a spectral caustic shrike (10 damage)
                  | ... summoned by a curse skull
 55916 | Crypt:3  | Reached XP level 23. HP: 169/170 MP: 30/30
 55932 | Crypt:3  | Mangled by a reaper
                  | ... wielding a +3 heavy scythe
                  | (32 damage)
 56813 | Crypt:3  | HP: 7/179 [ancient champion/+1 great mace of freezing (14)]
 56816 | Crypt:3  | HP: 3/179 [poisoned by a vampire knight]
 56817 | Crypt:3  | Killed from afar by a lich (10 damage)
                  | ... with a bolt of cold
 56842 | Crypt:3  | HP: 7/178 [vampire knight/+1 broad axe of venom (5)]
 56843 | Crypt:3  | HP: 3/178 [freezing wraith (2)]
 56843 | Crypt:3  | Mangled by a freezing wraith (9 damage)
 56865 | Crypt:3  | HP: 1/179 [vampire knight/+1 broad axe of venom (24)]
 56870 | Crypt:3  | Mangled by a lich (10 damage)
 57272 | Crypt:3  | HP: 8/179 [flayed ghost/flay_damage (1)]
 57273 | Crypt:3  | Mangled by a vampire knight
                  | ... wielding a +0 war axe
                  | (20 damage)
 57279 | Crypt:3  | HP: 5/177 [jiangshi (16)]
 57282 | Crypt:3  | HP: 1/178 [jiangshi (5)]
 57282 | Crypt:3  | Slain by a spectral snapping turtle (2 damage)
                  | ... called from beyond by a revenant
 57294 | Crypt:3  | Demolished by an ancient champion
                  | ... wielding a +2 great sword of draining
                  | (32 damage)
 57297 | Crypt:3  | HP: 8/170 [ancient champion/iron shot (44)]
 57298 | Crypt:3  | Demolished by an ancient champion
                  | ... wielding a +2 great sword of draining
                  | (28 damage)
 57306 | Crypt:3  | Engulfed by a revenant's spectral mist (11 damage)
 57328 | Crypt:3  | Demolished by a juggernaut simulacrum (48 damage)
 57330 | Crypt:3  | Found an ancient bone altar of Kikubaaqudgha.
 57330 | Crypt:3  | Found a basalt altar of Yredelemnul.
 57331 | Crypt:3  | Noticed a curse toe
 57331 | Crypt:3  | Noticed a curse toe
 57341 | Crypt:3  | HP: 1/161 [juggernaut simulacrum (12)]
 57341 | Crypt:3  | Annihilated by a juggernaut simulacrum (24 damage)
 57344 | Crypt:3  | Killed a curse toe
 57358 | Crypt:3  | HP: 2/167 [deathcap[a curse toe] (11)]
 57360 | Crypt:3  | Mangled by a deathcap (16 damage)
                  | ... summoned by a curse toe
 57362 | Crypt:3  | Killed a curse toe
 57374 | Crypt:3  | HP: 2/172 [ancient champion/iron shot (14)]
 57374 | Crypt:3  | Slain by an ancient champion
                  | ... wielding a +0 heavy great mace
                  | (6 damage)
 57471 | Crypt:3  | Got Furu's Incunable of Sculpting and the Fjord
 57474 | Crypt:3  | Identified the orb of Foolhardiness {*Rage, rCorr Str+2}
 57687 | Crypt:3  | Found a staircase to the Tomb.
 58547 | Tomb:1   | Entered Level 1 of the Tomb of the Ancients
 59000 | Tomb:1   | Noticed a royal mummy
 59002 | Tomb:1   | Noticed a royal mummy
 59003 | Tomb:1   | Reached skill level 1 in Long Blades
 59004 | Tomb:1   | Slain by a bennu (16 damage)
 59007 | Tomb:1   | Noticed a royal mummy
 59009 | Tomb:1   | HP: 7/179 [??? (3)]
 59010 | Tomb:1   | Mangled by a bennu (14 damage)
 59017 | Tomb:1   | Mangled by a death scarab (16 damage)
                  | ... summoned by a royal mummy
 59024 | Tomb:1   | HP: 3/179 [mummy priest/divine providence (11)]
 59025 | Tomb:1   | Demolished by a death scarab (18 damage)
                  | ... summoned by a royal mummy
 59027 | Tomb:1   | HP: 1/179 [bennu (16)]
 59027 | Tomb:1   | Killed by divine providence
                  | ... invoked by a royal mummy
                  | (9 damage)
 59033 | Tomb:1   | Killed from afar by a lich (38 damage)
                  | ... with a bolt of cold
 59040 | Tomb:1   | Slain by a death scarab (18 damage)
                  | ... summoned by a royal mummy
 59045 | Tomb:1   | HP: 8/173 [emperor scorpion[a royal mummy] (1)]
 59045 | Tomb:1   | Slain by an emperor scorpion (4 damage)
                  | ... summoned by a royal mummy
 59052 | Tomb:1   | HP: 2/169 [revenant (8)]
 59052 | Tomb:1   | Slain by an emperor scorpion (4 damage)
                  | ... summoned by a royal mummy
 59059 | Tomb:1   | HP: 7/166 [??? (2)]
 59059 | Tomb:1   | HP: 3/164 [revenant/ghostly fireball (4)]
 59059 | Tomb:1   | Killed by divine providence
                  | ... invoked by a royal mummy
                  | (10 damage)
 59064 | Tomb:1   | HP: 1/163 [royal mummy/divine providence (10)]
 59064 | Tomb:1   | Killed by divine providence
                  | ... invoked by a mummy priest
                  | (11 damage)
 59076 | Tomb:1   | Blown up by a lich (15 damage)
                  | ... with a wavering orb of destruction
 59079 | Tomb:1   | Killed by divine providence
                  | ... invoked by a royal mummy
                  | (13 damage)
 59088 | Tomb:1   | HP: 1/154 [revenant/ghostly fireball (7)]
 59089 | Tomb:1   | Slain by a jiangshi (7 damage)
                  | ... summoned by a mummy priest
 59093 | Tomb:1   | Killed a royal mummy
 59095 | Tomb:1   | HP: 8/164 [revenant] (4)]
 59095 | Tomb:1   | Mangled by a skeletal warrior
                  | ... wielding a +0 mace
                  | (18 damage)
 59109 | Tomb:1   | HP: 4/167 [royal mummy (21)]
 59110 | Tomb:1   | Killed by divine providence
                  | ... invoked by a royal mummy
                  | (11 damage)
 59116 | Tomb:1   | Killed a royal mummy
 59117 | Tomb:1   | Reached skill level 5 in Long Blades
 59133 | Tomb:1   | HP: 8/175 [torment (3)]
 59133 | Tomb:1   | Killed by divine providence
                  | ... invoked by a mummy priest
                  | (13 damage)
 59145 | Tomb:1   | Mangled by a death scarab (19 damage)
                  | ... summoned by a royal mummy
 59147 | Tomb:1   | Killed a royal mummy
 59573 | Tomb:1   | Identified the +0 lajatang "Hinutu Riceg" {heavy, rPois
                  | Str-2 Int+3 Stlth+}
 59741 | Tomb:1   | Identified the +9 plate armour of Summertime {rElec rF+
                  | Str-5 Stlth+}
 59825 | Tomb:2   | Noticed a royal mummy
 59827 | Tomb:2   | Noticed a royal mummy
 59828 | Tomb:2   | Noticed a royal mummy
 59829 | Tomb:2   | Noticed a royal mummy
 59829 | Tomb:2   | Noticed a royal mummy
 59831 | Tomb:2   | HP: 7/178 [ancient champion/+1 battleaxe (8)]
 59831 | Tomb:2   | Killed by divine providence
                  | ... invoked by a royal mummy
                  | (12 damage)
 59837 | Tomb:2   | HP: 4/179 [emperor scorpion[a royal mummy] (12)]
 59837 | Tomb:2   | Mangled by an ancient champion
                  | ... wielding a +1 battleaxe
                  | (15 damage)
 59844 | Tomb:2   | HP: 7/179 [poisoned by an emperor scorpion]
 59844 | Tomb:2   | Mangled by a death scarab (15 damage)
                  | ... summoned by a royal mummy
 59849 | Tomb:2   | HP: 6/179 [emperor scorpion[a royal mummy] (8)]
 59850 | Tomb:2   | Demolished by a death scarab (22 damage)
                  | ... summoned by a royal mummy
 59854 | Tomb:2   | HP: 7/179 [poisoned by an ushabti (dark miasma)]
 59854 | Tomb:2   | Slain by a royal mummy (10 damage)
 59858 | Tomb:2   | Killed by divine providence
                  | ... invoked by a royal mummy
                  | (14 damage)
 59861 | Tomb:2   | Killed by divine providence
                  | ... invoked by a royal mummy
                  | (13 damage)
 59862 | Tomb:2   | Killed a royal mummy
 59862 | Tomb:2   | Gained mutation: Armour fits poorly on your strangely
                  | shaped body. [mutagenic glow]
 59863 | Tomb:2   | Reached XP level 24. HP: 121/187 MP: 30/30
 59865 | Tomb:2   | Slain by a death scarab (11 damage)
                  | ... summoned by a royal mummy
 59867 | Tomb:2   | HP: 2/187 [mummy priest/divine providence (15)]
 59868 | Tomb:2   | Engulfed by an ushabti's foul pestilence (7 damage)
 59873 | Tomb:2   | Succumbed to an emperor scorpion's poison
 59877 | Tomb:2   | Succumbed to an ushabti's dark miasma
 59882 | Tomb:2   | Killed a royal mummy
 59882 | Tomb:2   | HP: 9/187 [torment (4)]
 59882 | Tomb:2   | Succumbed to a green death's bolt of poison
 59888 | Tomb:2   | HP: 9/187 [??? (3)]
 59888 | Tomb:2   | Killed from afar by a green death (9 damage)
                  | ... with a bolt of poison
                  | ... created by a Zot trap
 59894 | Tomb:2   | HP: 2/187 [death scarab[a royal mummy] (16)]
 59895 | Tomb:2   | Succumbed to a green death's bolt of poison
 59898 | Tomb:2   | Slain by a jiangshi (1 damage)
                  | ... summoned by a mummy priest
 59902 | Tomb:2   | HP: 4/187 [death scarab[a royal mummy] (6)]
 59903 | Tomb:2   | Slain by a death scarab (3 damage)
                  | ... summoned by a royal mummy
 59907 | Tomb:2   | HP: 2/187 [sixfirhy[a mummy priest] (11)]
 59908 | Tomb:2   | Succumbed to an ushabti's dark miasma
 59908 | Tomb:2   | Gained mutation: You have hidden genetic defects.
                  | [mutagenic glow]
 59914 | Tomb:2   | Killed by divine providence
                  | ... invoked by a royal mummy
                  | (13 damage)
 59916 | Tomb:2   | Killed a royal mummy
 59921 | Tomb:2   | HP: 9/186 [royal mummy/divine providence (11)]
 59921 | Tomb:2   | Killed by divine providence
                  | ... invoked by a mummy priest
                  | (14 damage)
 59923 | Tomb:2   | Killed a royal mummy
 59925 | Tomb:2   | HP: 4/187 [ushabti] (9)]
 59925 | Tomb:2   | Succumbed to an ushabti's dark miasma
 59927 | Tomb:2   | Killed a royal mummy
 59934 | Tomb:2   | HP: 3/187 [poison (dark miasma)]
 59934 | Tomb:2   | Slain by a sun demon (3 damage)
                  | ... summoned by a mummy priest
 59949 | Tomb:2   | HP: 9/185 [poison (dark miasma)]
 59950 | Tomb:2   | HP: 2/185 [stone giant zombie[a mummy priest] (7)]
 59951 | Tomb:2   | Engulfed by an ushabti's foul pestilence (9 damage)
 59981 | Tomb:2   | HP: 9/187 [poisoned by an ushabti (dark miasma)]
 60323 | Tomb:2   | HP: 8/187 [ice devil[a mummy priest] (6)]
 60328 | Tomb:2   | HP: 6/187 [??? (1)]
 60329 | Tomb:2   | Mangled by a shadow wraith (15 damage)
                  | ... summoned by a mummy priest
 60342 | Tomb:2   | Demolished by a phantasmal warrior (25 damage)
                  | ... summoned by a mummy priest
 60543 | Tomb:1   | Noticed a royal mummy
 60551 | Tomb:1   | HP: 9/187 [death scarab[a royal mummy] (8)]
 60552 | Tomb:1   | Slain by a death scarab (10 damage)
                  | ... summoned by a royal mummy
 60565 | Tomb:1   | HP: 2/187 [death scarab[a royal mummy] (9)]
 60566 | Tomb:1   | Succumbed to an emperor scorpion's poison
 60579 | Tomb:1   | HP: 1/187 [royal mummy/divine providence (13)]
 60579 | Tomb:1   | Mangled by an emperor scorpion (7 damage)
                  | ... summoned by a royal mummy
 60586 | Tomb:1   | Killed a royal mummy
 60860 | Tomb:1   | Noticed a royal mummy
 60880 | Tomb:1   | Killed a royal mummy
 60881 | Tomb:1   | Reached skill level 10 in Long Blades
 60890 | Tomb:1   | Gained mutation: You occasionally lose the ability to drink
                  | potions when taking damage. [hidden defects]
 60903 | Tomb:1   | Noticed a royal mummy
 60922 | Tomb:1   | HP: 5/184 [death scarab[a royal mummy] (17)]
 60923 | Tomb:1   | HP: 1/184 [emperor scorpion[a royal mummy] (4)]
 60923 | Tomb:1   | Slain by an emperor scorpion (2 damage)
                  | ... summoned by a royal mummy
 60926 | Tomb:1   | Killed a royal mummy
 61030 | Tomb:1   | Noticed a royal mummy
 61048 | Tomb:1   | Killed a royal mummy
 61048 | Tomb:1   | Noticed a royal mummy
 61065 | Tomb:1   | HP: 3/187 [royal mummy (15)]
 61065 | Tomb:1   | Slain by a death scarab (4 damage)
                  | ... summoned by a royal mummy
 61075 | Tomb:1   | Killed a royal mummy
 61347 | Tomb:1   | Noticed a royal mummy
 61367 | Tomb:1   | HP: 8/187 [royal mummy/divine providence (11)]
 61369 | Tomb:1   | Killed a royal mummy
 61372 | Tomb:1   | Noticed a royal mummy
 61373 | Tomb:1   | HP: 6/187 [??? (1)]
 61377 | Tomb:1   | Slain by a death scarab (7 damage)
                  | ... summoned by a royal mummy
 61383 | Tomb:1   | Killed a royal mummy
 61767 | Tomb:1   | Noticed a royal mummy
 61800 | Tomb:1   | HP: 6/187 [death scarab[a royal mummy] (19)]
 61801 | Tomb:1   | HP: 2/187 [emperor scorpion[a royal mummy] (5)]
 61801 | Tomb:1   | Slain by an emperor scorpion (3 damage)
                  | ... summoned by a royal mummy
 61817 | Tomb:1   | Mangled by an emperor scorpion (17 damage)
                  | ... summoned by a royal mummy
 61829 | Tomb:1   | HP: 6/187 [emperor scorpion[a royal mummy] (4)]
 61830 | Tomb:1   | Slain by an emperor scorpion (6 damage)
                  | ... summoned by a royal mummy
 61840 | Tomb:1   | Killed a royal mummy
 61915 | Tomb:1   | Noticed a royal mummy
 61939 | Tomb:1   | Slain by a death scarab (17 damage)
                  | ... summoned by a royal mummy
 61940 | Tomb:1   | Killed a royal mummy
 62572 | Tomb:1   | Noticed a royal mummy
 62600 | Tomb:1   | Slain by a death scarab (13 damage)
                  | ... summoned by a royal mummy
 62606 | Tomb:1   | HP: 9/187 [royal mummy (18)]
 62611 | Tomb:1   | HP: 8/187 [death scarab[a royal mummy] (3)]
 62615 | Tomb:1   | Mangled by a death scarab (14 damage)
                  | ... summoned by a royal mummy
 62619 | Tomb:1   | Killed a royal mummy
 62626 | Tomb:1   | Gained mutation: You are dopey. (Int -2) [hidden defects]
 62626 | Tomb:1   | Lost mutation: You have hidden genetic defects. [hidden
                  | defects expressed]
 62748 | Tomb:1   | Noticed a royal mummy
 62762 | Tomb:1   | HP: 4/187 [emperor scorpion[a royal mummy] (6)]
 62763 | Tomb:1   | Slain by an emperor scorpion (9 damage)
                  | ... summoned by a royal mummy
 62767 | Tomb:1   | Killed a royal mummy
 62786 | Tomb:1   | Noticed a royal mummy
 62799 | Tomb:1   | HP: 8/187 [emperor scorpion[a royal mummy] (3)]
 62800 | Tomb:1   | Mangled by a death scarab (15 damage)
                  | ... summoned by a royal mummy
 62818 | Tomb:1   | Killed a royal mummy
 62838 | Tomb:1   | Noticed a royal mummy
 62843 | Tomb:1   | HP: 7/187 [royal mummy/divine providence (16)]
 62843 | Tomb:1   | Mangled by a death scarab (20 damage)
                  | ... summoned by a royal mummy
 62846 | Tomb:1   | Noticed a royal mummy
 62851 | Tomb:1   | HP: 8/187 [death scarab[a royal mummy] (17)]
 62852 | Tomb:1   | Mangled by a death scarab (18 damage)
                  | ... summoned by a royal mummy
 62866 | Tomb:1   | HP: 4/187 [royal mummy/divine providence (11)]
 62867 | Tomb:1   | Slain by a royal mummy (5 damage)
 62869 | Tomb:1   | Killed a royal mummy
 62877 | Tomb:1   | Slain by a death scarab (14 damage)
                  | ... summoned by a royal mummy
 62879 | Tomb:1   | Killed a royal mummy
 62912 | Tomb:1   | Noticed a royal mummy
 62918 | Tomb:1   | Noticed a royal mummy
 62922 | Tomb:1   | Slain by an emperor scorpion (13 damage)
                  | ... summoned by a royal mummy
 62923 | Tomb:1   | Killed a royal mummy
 62934 | Tomb:1   | Noticed a royal mummy
 62939 | Tomb:1   | Killed a royal mummy
 62942 | Tomb:1   | Noticed a royal mummy
 62949 | Tomb:1   | HP: 7/187 [death scarab[a royal mummy] (8)]
 62952 | Tomb:1   | Slain by a death scarab (12 damage)
                  | ... summoned by a royal mummy
 62960 | Tomb:1   | HP: 6/187 [royal mummy (8)]
 62962 | Tomb:1   | HP: 1/187 [death scarab[a royal mummy] (5)]
 62962 | Tomb:1   | Mangled by a death scarab (9 damage)
                  | ... summoned by a royal mummy
 62967 | Tomb:1   | Killed a royal mummy
 62972 | Tomb:1   | HP: 5/187 [death scarab[a royal mummy] (13)]
 62973 | Tomb:1   | Slain by a death scarab (6 damage)
                  | ... summoned by a royal mummy
 62988 | Tomb:1   | HP: 8/187 [emperor scorpion[a royal mummy] (7)]
 62989 | Tomb:1   | Killed a royal mummy
 62989 | Tomb:1   | Succumbed to an emperor scorpion's poison
 63180 | Tomb:2   | HP: 7/187 [mummy priest (10)]
 63182 | Tomb:2   | HP: 2/187 [jiangshi[a mummy priest] (5)]
 63183 | Tomb:2   | Killed by divine providence
                  | ... invoked by a mummy priest
                  | (13 damage)
 63189 | Tomb:2   | Killed by divine providence
                  | ... invoked by a mummy priest
                  | (17 damage)
 63199 | Tomb:2   | HP: 5/185 [poisoned by an ushabti (dark miasma)]
 63200 | Tomb:2   | Engulfed by an ushabti's foul pestilence (6 damage)
 63205 | Tomb:2   | HP: 1/185 [mummy priest/divine providence (11)]
 63206 | Tomb:2   | Succumbed to an ushabti's dark miasma
 63209 | Tomb:2   | Gained mutation: You are very dopey. (Int -4) [mutagenic
                  | glow]
 63214 | Tomb:2   | Mangled by a death scarab (20 damage)
 63221 | Tomb:2   | Slain by an eldritch tentacle (15 damage)
                  | ... called by a Zot trap
 63226 | Tomb:2   | Gained mutation: Your magical capacity is low. (-10% MP)
                  | [mutagenic glow]
 63230 | Tomb:2   | Killed by a mummy priest's death curse (22 damage)
 63242 | Tomb:2   | Gained mutation: You sometimes lose the ability to drink
                  | potions when taking damage. [mutagenic glow]
 63247 | Tomb:2   | HP: 5/187 [deep troll zombie[a mummy priest] (9)]
 63247 | Tomb:2   | Slain by an ushabti (10 damage)
 63258 | Tomb:2   | Gained mutation: You occasionally lose the ability to read
                  | scrolls when taking damage. [mutagenic glow]
 63269 | Tomb:2   | Gained mutation: Your spells are easier to cast, but less
                  | powerful. [mutagenic glow]
 63318 | Tomb:2   | Gained mutation: You are clumsy. (Dex -2) [mutagenic glow]
 63362 | Tomb:3   | Entered Level 3 of the Tomb of the Ancients
 63368 | Tomb:3   | Reached XP level 25. HP: 151/190 MP: 27/27
 63379 | Tomb:3   | Noticed a royal mummy
 63380 | Tomb:3   | Noticed a royal mummy
 63382 | Tomb:3   | Slain by a death scarab (15 damage)
 63391 | Tomb:3   | Noticed a royal mummy
 63398 | Tomb:3   | Killed by divine providence
                  | ... invoked by a mummy priest
                  | (15 damage)
 63406 | Tomb:3   | Reached skill level 15 in Long Blades
 63413 | Tomb:3   | Slain by a death scarab (14 damage)
 63419 | Tomb:3   | Slain by a bennu (12 damage)
 63437 | Tomb:3   | Noticed a royal mummy
 63443 | Tomb:3   | HP: 2/192 [bennu (9)]
 63443 | Tomb:3   | Slain by a death scarab (3 damage)
 63451 | Tomb:3   | Slain by a death scarab (11 damage)
 63470 | Tomb:3   | HP: 6/193 [guardian mummy (13)]
 63471 | Tomb:3   | Slain by a black mamba skeleton (10 damage)
 63496 | Tomb:3   | HP: 9/191 [??? (3)]
 63501 | Tomb:3   | Killed by divine providence
                  | ... invoked by a mummy priest
                  | (15 damage)
 63514 | Tomb:3   | Mangled by an emperor scorpion (20 damage)
                  | ... summoned by a royal mummy
 63518 | Tomb:3   | HP: 9/193 [emperor scorpion[a royal mummy] (13)]
 63519 | Tomb:3   | HP: 3/193 [emperor scorpion[a royal mummy] (5)]
 63519 | Tomb:3   | Noticed a royal mummy
 63519 | Tomb:3   | Slain by an emperor scorpion (2 damage)
                  | ... summoned by a royal mummy
 63532 | Tomb:3   | Noticed a royal mummy
 63532 | Tomb:3   | Noticed a royal mummy
 63532 | Tomb:3   | HP: 4/193 [royal mummy/divine providence (15)]
 63532 | Tomb:3   | Killed by divine providence
                  | ... invoked by a royal mummy
                  | (11 damage)
 63535 | Tomb:3   | Noticed a royal mummy
 63540 | Tomb:3   | Noticed a royal mummy
 63546 | Tomb:3   | HP: 7/193 [death scarab (17)]
 63546 | Tomb:3   | Killed by divine providence
                  | ... invoked by a royal mummy
                  | (13 damage)
 63560 | Tomb:3   | HP: 3/193 [death scarab[a royal mummy] (10)]
 63560 | Tomb:3   | Demolished by a death scarab (22 damage)
 63570 | Tomb:3   | HP: 5/193 [emperor scorpion[a royal mummy] (19)]
 63571 | Tomb:3   | Slain by an emperor scorpion (8 damage)
                  | ... summoned by a royal mummy
 63578 | Tomb:3   | Slain by a death scarab (19 damage)
 63585 | Tomb:3   | HP: 2/193 [death scarab (11)]
 63585 | Tomb:3   | Slain by a death scarab (4 damage)
                  | ... summoned by a royal mummy
 63595 | Tomb:3   | Mangled by a death scarab (20 damage)
 63602 | Tomb:3   | HP: 9/193 [death scarab[a royal mummy] (19)]
 63606 | Tomb:3   | Mangled by a death scarab (20 damage)
 63614 | Tomb:3   | HP: 5/193 [death scarab[a royal mummy] (17)]
 63615 | Tomb:3   | Slain by a death scarab (10 damage)
 63624 | Tomb:3   | HP: 7/193 [emperor scorpion[a royal mummy] (18)]
 63626 | Tomb:3   | Mangled by a death scarab (18 damage)
 63634 | Tomb:3   | HP: 9/193 [something (9)]
 63634 | Tomb:3   | HP: 1/193 [poisoned by an emperor scorpion]
 63634 | Tomb:3   | Slain by a death scarab (6 damage)
                  | ... summoned by a royal mummy
 63643 | Tomb:3   | Killed by divine providence
                  | ... invoked by a mummy priest
                  | (13 damage)
 63649 | Tomb:3   | HP: 2/193 [royal mummy/divine providence (10)]
 63650 | Tomb:3   | Blown up by a lich (14 damage)
                  | ... with a wavering orb of destruction
 63663 | Tomb:3   | HP: 4/193 [jiangshi[a mummy priest] (10)]
 63663 | Tomb:3   | Mangled by a death scarab (13 damage)
 63669 | Tomb:3   | HP: 9/193 [torment (3)]
 63669 | Tomb:3   | HP: 3/193 [flying skull[a mummy priest] (6)]
 63669 | Tomb:3   | Demolished by a phantasmal warrior (17 damage)
                  | ... summoned by a mummy priest
 63677 | Tomb:3   | Killed by divine providence
                  | ... invoked by a royal mummy
                  | (12 damage)
 63690 | Tomb:3   | HP: 8/193 [??? (3)]
 63692 | Tomb:3   | Killed by divine providence
                  | ... invoked by a mummy priest
                  | (13 damage)
 63694 | Tomb:3   | HP: 2/193 [royal mummy/divine providence (17)]
 63695 | Tomb:3   | Mangled by a death scarab (11 damage)
                  | ... summoned by a royal mummy
 63698 | Tomb:3   | Mangled by a death scarab (15 damage)
                  | ... summoned by a royal mummy
 63703 | Tomb:3   | Killed by divine providence
                  | ... invoked by a mummy priest
                  | (11 damage)
 63706 | Tomb:3   | Killed by divine providence
                  | ... invoked by a royal mummy
                  | (12 damage)
 63709 | Tomb:3   | HP: 7/193 [mummy priest/divine providence (8)]
 63712 | Tomb:3   | Killed by divine providence
                  | ... invoked by a royal mummy
                  | (10 damage)
 63717 | Tomb:3   | HP: 9/193 [royal mummy/divine providence (11)]
 63718 | Tomb:3   | Mangled by a death scarab (17 damage)
                  | ... summoned by a royal mummy
 63735 | Tomb:3   | HP: 9/193 [poisoned by an emperor scorpion]
 63735 | Tomb:3   | HP: 2/193 [death scarab[a royal mummy] (7)]
 63735 | Tomb:3   | Killed by divine providence
                  | ... invoked by a mummy priest
                  | (16 damage)
 63739 | Tomb:3   | Mangled by a death scarab (12 damage)
                  | ... summoned by a royal mummy
 63744 | Tomb:3   | Mangled by a death scarab (22 damage)
                  | ... summoned by a royal mummy
 63749 | Tomb:3   | HP: 6/193 [death scarab[a royal mummy] (4)]
 63750 | Tomb:3   | Mangled by a death scarab (16 damage)
                  | ... summoned by a royal mummy
 63753 | Tomb:3   | Mangled by a death scarab (15 damage)
                  | ... summoned by a royal mummy
 63758 | Tomb:3   | HP: 5/193 [death scarab[a royal mummy] (19)]
 63759 | Tomb:3   | Slain by a death scarab (5 damage)
                  | ... summoned by a royal mummy
 63762 | Tomb:3   | Killed a royal mummy
 63764 | Tomb:3   | Slain by a royal mummy (14 damage)
 63773 | Tomb:3   | Killed a royal mummy
 63779 | Tomb:3   | Slain by a death scarab (18 damage)
                  | ... summoned by a royal mummy
 63785 | Tomb:3   | HP: 9/193 [jiangshi[a mummy priest] (4)]
 63785 | Tomb:3   | HP: 4/193 [??? (1)]
 63785 | Tomb:3   | Mangled by a jiangshi (17 damage)
                  | ... summoned by a mummy priest
 63786 | Tomb:3   | Killed a royal mummy
 63791 | Tomb:3   | HP: 9/192 [poisoned by an emperor scorpion]
 63791 | Tomb:3   | Slain by an emperor scorpion (9 damage)
                  | ... summoned by a royal mummy
 63798 | Tomb:3   | HP: 1/192 [royal mummy/divine providence (13)]
 63799 | Tomb:3   | Mangled by a death scarab (7 damage)
                  | ... summoned by a royal mummy
 63805 | Tomb:3   | Killed a royal mummy
 63808 | Tomb:3   | HP: 8/193 [royal mummy/divine providence (17)]
 63810 | Tomb:3   | HP: 1/193 [jiangshi[a mummy priest] (5)]
 63811 | Tomb:3   | Mangled by a death scarab (9 damage)
                  | ... summoned by a royal mummy
 63824 | Tomb:3   | Slain by a death scarab (15 damage)
                  | ... summoned by a royal mummy
 63828 | Tomb:3   | HP: 1/193 [death scarab[a royal mummy] (14)]
 63829 | Tomb:3   | Mangled by a death scarab (10 damage)
                  | ... summoned by a royal mummy
 63834 | Tomb:3   | Slain by a royal mummy (15 damage)
 63845 | Tomb:3   | Killed a royal mummy
 63845 | Tomb:3   | Killed by a royal mummy's death curse (23 damage)
 63847 | Tomb:3   | Killed a royal mummy
 63855 | Tomb:3   | Slain by a death scarab (21 damage)
                  | ... summoned by a royal mummy
 63861 | Tomb:3   | Killed a royal mummy
 63866 | Tomb:3   | Slain by a royal mummy (15 damage)
 63874 | Tomb:3   | Lost intelligence.
 63875 | Tomb:3   | HP: 6/193 [death scarab[a royal mummy] (9)]
 63875 | Tomb:3   | Mangled by a death scarab (9 damage)
                  | ... summoned by a royal mummy
                  | ... while paralysed
 63878 | Tomb:3   | HP: 1/193 [royal mummy (24)]
 63879 | Tomb:3   | Succumbed to an emperor scorpion's poison
 63884 | Tomb:3   | Killed a royal mummy
 63884 | Tomb:3   | HP: 1/188 [death scarab[a royal mummy] (16)]
 63884 | Tomb:3   | Mangled by an emperor scorpion (12 damage)
                  | ... summoned by a royal mummy
 63889 | Tomb:3   | HP: 9/192 [death scarab[a royal mummy] (5)]
 63889 | Tomb:3   | Mangled by a death scarab (18 damage)
                  | ... summoned by a royal mummy
 63896 | Tomb:3   | Killed a royal mummy
 64664 | Tomb:3   | Identified the staff of cold "Gueruk" {rC+ Dex+2 SInv}
 64726 | Tomb:3   | Identified the +1 rapier "Mauteh" {antimagic, rElec rPois
                  | rN+++ Int-2}
 64853 | Tomb:3   | Got a golden rune of Zot
 65460 | Vaults:1 | Reached XP level 26. HP: 200/200 MP: 27/27
 66510 | Orc:1    | Entered Level 1 of the Orcish Mines
 66675 | Orc:2    | Entered Level 2 of the Orcish Mines
 66790 | Orc:2    | Found a staircase to the Elven Halls.
 66820 | Orc:2    | HP: 2/200 [orc warlord/+2 battleaxe of freezing (15)]
 66821 | Orc:2    | Annihilated by an orc warlord
                  | ... wielding a +2 battleaxe of freezing
                  | (25 damage)
 66930 | Orc:2    | Found Viekhulo's Antique Armour Shop.
 66950 | Orc:2    | Found Offu's Antique Weapon Boutique.
 67443 | Orc:2    | Found Sagoiw's Assorted Antiques.
 67517 | Orc:2    | Found Ruworuw's Armour Emporium.
 67587 | Orc:2    | Found Siffazum's Magic Scroll Emporium.
 68877 | Depths:1 | Entered Level 1 of the Depths
 68921 | Depths:1 | Learned a level 1 spell: Necrotise
 68924 | Depths:1 | Learned a level 2 spell: Sublimation of Blood
 69070 | Depths:1 | Reached skill level 5 in Spellcasting
 69478 | Depths:1 | Found a hazy altar of Hepliaklqana.
 69515 | Depths:1 | Demolished by an iron troll (39 damage)
 69521 | Depths:1 | HP: 6/200 [deep troll (30)]
 69522 | Depths:1 | Slain by a deep troll (8 damage)
 69529 | Depths:1 | Mangled by an iron troll (25 damage)
 69539 | Depths:1 | HP: 4/200 [deep troll (10)]
 69539 | Depths:1 | Slain by an iron troll (6 damage)
 69542 | Depths:1 | Reached skill level 15 in Fighting
 69554 | Depths:1 | HP: 9/201 [white very ugly thing (9)]
 69556 | Depths:1 | HP: 3/201 [white very ugly thing (5)]
 69556 | Depths:1 | Demolished by a white very ugly thing (23 damage)
 69574 | Depths:1 | HP: 6/201 [deep troll (15)]
 69577 | Depths:1 | HP: 2/201 [brown very ugly thing (4)]
 69577 | Depths:1 | Splashed by a brown very ugly thing's acid (7 damage)
 69665 | Depths:1 | Found a gateway to Hell.
 70748 | Depths:2 | Found Cafier's Hallowed Reliquary.
 70752 | Depths:2 | Found a glowing golden altar of the Shining One.
 70891 | Depths:2 | HP: 10/202 [poisoned by a spriggan defender]
 70891 | Depths:2 | Slain by a spriggan defender
                  | ... wielding a +2 lajatang of venom
                  | (15 damage)
 70902 | Depths:2 | Killed from afar by a golden dragon (16 damage)
                  | ... with a bolt of fire
 71019 | Depths:2 | HP: 3/202 [spriggan berserker/+0 flail (39)]
 71019 | Depths:2 | Annihilated by a spriggan defender
                  | ... wielding a +6 lajatang of speed
                  | (26 damage)
 71121 | Depths:2 | Mangled by a cyan very ugly thing (25 damage)
 71162 | Depths:2 | HP: 7/202 [hell knight/+2 glaive (4)]
 71166 | Depths:2 | Demolished by a hell knight
                  | ... wielding a +2 glaive
                  | (23 damage)
 71449 | Depths:2 | Identified the +1 troll leather armour "Kaboal" {rPois
                  | Regen+}
 71648 | Depths:2 | Found a one-way gate leading to the halls of Pandemonium.
 72177 | Depths:3 | Found Matoum's Jewellery Shop.
 72178 | Depths:3 | Found Modinwit's Book Shoppe.
 72180 | Depths:3 | Found Sivaah's Jewellery Shop.
 72185 | Depths:3 | Reached XP level 27. HP: 206/210 MP: 28/28
 72334 | Depths:3 | Noticed Boris
 72347 | Depths:3 | Killed Boris
 72754 | Depths:3 | Found a shadowy altar of Dithmenos.
 73498 | Depths:3 | Mangled by a tengu reaver
                  | ... wielding a +0 war axe
                  | (19 damage)
 73752 | Depths:3 | Bought 2 potions of curing for 150 gold pieces
 73854 | Depths:3 | Found a one-way gateway to a ziggurat.
 73865 | Depths:3 | Reached skill level 5 in Staves
 74014 | Depths:4 | Entered Level 4 of the Depths
 74509 | Depths:4 | Found a gate to the Realm of Zot.
 74518 | Depths:4 | HP: 10/210 [ice dragon (5)]
 74522 | Depths:4 | Slain by a spriggan berserker
                  | ... wielding a +0 antimagic rapier
                  | (7 damage)
 74988 | Depths:4 | HP: 10/210 [acid (9)]
 74988 | Depths:4 | Slain by a caustic shrike (11 damage)
 74996 | Depths:4 | HP: 2/210 [acid (10)]
 74996 | Depths:4 | Demolished by a caustic shrike (20 damage)
 74999 | Depths:4 | Demolished by a caustic shrike (27 damage)
 75001 | Depths:4 | HP: 8/210 [ettin/+0 dire flail (14)]
 75001 | Depths:4 | HP: 1/210 [iron dragon (7)]
 75001 | Depths:4 | Demolished by a caustic shrike (19 damage)
 75004 | Depths:4 | Splashed by a caustic shrike's acid (7 damage)
 75007 | Depths:4 | Killed from afar by an iron dragon (45 damage)
                  | ... with a spray of metal splinters
 75010 | Depths:4 | HP: 2/210 [acid (9)]
 75010 | Depths:4 | Annihilated by a caustic shrike (29 damage)
 75012 | Depths:4 | Slain by an iron dragon (17 damage)
 75013 | Depths:4 | Mangled by an iron dragon (20 damage)
 75016 | Depths:4 | HP: 9/210 [acid (6)]
 75016 | Depths:4 | Demolished by a caustic shrike (24 damage)
 75019 | Depths:4 | HP: 2/210 [acid (9)]
 75020 | Depths:4 | Demolished by a caustic shrike (24 damage)
 75022 | Depths:4 | Demolished by a caustic shrike (18 damage)
 75024 | Depths:4 | Demolished by a caustic shrike (33 damage)
 75026 | Depths:4 | Mangled by a stone giant (38 damage)
 75028 | Depths:4 | HP: 5/210 [caustic shrike (14)]
 75028 | Depths:4 | Splashed by a caustic shrike's acid (6 damage)
 75031 | Depths:4 | Mangled by a caustic shrike (29 damage)
 75033 | Depths:4 | HP: 8/210 [acid (8)]
 75034 | Depths:4 | Annihilated by a caustic shrike (31 damage)
 75036 | Depths:4 | Annihilated by a black draconian
                  | ... wielding a +0 heavy morningstar
                  | (39 damage)
 75039 | Depths:4 | Slain by a caustic shrike (25 damage)
 75040 | Depths:4 | Mangled by an iron dragon (20 damage)
 75043 | Depths:4 | HP: 6/210 [caustic shrike (35)]
 75043 | Depths:4 | Splashed by a caustic shrike's acid (7 damage)
 75046 | Depths:4 | Splashed by a caustic shrike's acid (5 damage)
 75048 | Depths:4 | HP: 7/210 [caustic shrike (32)]
 75048 | Depths:4 | Splashed by a caustic shrike's acid (10 damage)
 75051 | Depths:4 | Demolished by a caustic shrike (33 damage)
 75054 | Depths:4 | HP: 5/210 [acid (9)]
 75054 | Depths:4 | Slain by a caustic shrike (10 damage)
 75056 | Depths:4 | Slain by a caustic shrike (13 damage)
 75058 | Depths:4 | HP: 2/210 [caustic shrike (9)]
 75058 | Depths:4 | Splashed by a caustic shrike's acid (8 damage)
 75060 | Depths:4 | Splashed by a caustic shrike's acid (9 damage)
 75062 | Depths:4 | Slain by an iron dragon (11 damage)
 75064 | Depths:4 | HP: 6/210 [deep troll (7)]
 75064 | Depths:4 | Slain by a deep troll (8 damage)
 75066 | Depths:4 | Mangled by a caustic shrike (33 damage)
 75068 | Depths:4 | Slain by a deep troll (11 damage)
 75070 | Depths:4 | Slain by a deep troll (16 damage)
 75073 | Depths:4 | HP: 3/210 [iron dragon (23)]
 75073 | Depths:4 | Demolished by an iron dragon (24 damage)
 75081 | Depths:4 | HP: 6/210 [caustic shrike (20)]
 75081 | Depths:4 | HP: 1/210 [iron dragon (2)]
 75081 | Depths:4 | Slain by an iron dragon (3 damage)
 75084 | Depths:4 | Mangled by a caustic shrike (23 damage)
 75086 | Depths:4 | HP: 3/210 [deep troll (8)]
 75086 | Depths:4 | Mangled by a deep troll (9 damage)
 75088 | Depths:4 | Splashed by a caustic shrike's acid (4 damage)
 75091 | Depths:4 | HP: 4/210 [caustic shrike (11)]
 75091 | Depths:4 | Splashed by a caustic shrike's acid (4 damage)
 75092 | Depths:4 | Mangled by a caustic shrike (23 damage)
 75094 | Depths:4 | Mangled by a stone giant (18 damage)
 75096 | Depths:4 | HP: 2/210 [deep troll (11)]
 75096 | Depths:4 | Mangled by a deep troll (13 damage)
 75099 | Depths:4 | Splashed by a caustic shrike's acid (3 damage)
 75101 | Depths:4 | Slain by a caustic shrike (31 damage)
 75105 | Depths:4 | HP: 9/210 [acid (4)]
 75105 | Depths:4 | HP: 1/210 [acid (4)]
 75105 | Depths:4 | Demolished by an iron dragon (15 damage)
 75110 | Depths:4 | HP: 4/210 [caustic shrike (10)]
 75110 | Depths:4 | Splashed by a caustic shrike's acid (4 damage)
 75115 | Depths:4 | HP: 7/210 [caustic shrike (19)]
 75115 | Depths:4 | Killed from afar by a purple draconian shifter (36 damage)
                  | ... with a bolt of dispelling energy
 76133 | Depths:4 | Found an ancient bone altar of Kikubaaqudgha.
 76345 | Hell     | Entered the Vestibule of Hell
 76345 | Hell     | Noticed Geryon
 76377 | Hell     | Noticed Murray
 76381 | Hell     | HP: 1/210 [hell beast[Geryon] (16)]
 76382 | Hell     | Mangled by a hell hog (8 damage)
 76401 | Hell     | HP: 4/211 [hell beast[Geryon] (10)]
 76402 | Hell     | HP: 1/212 [hell hog (4)]
 76402 | Hell     | Slain by a flying skull (5 damage)
                  | ... summoned by Murray
 76425 | Hell     | Killed Murray
 76425 | Hell     | HP: 5/212 [stone giant skeleton[a necromancer] (6)]
 76426 | Hell     | Slain by a hell beast (9 damage)
                  | ... summoned by Geryon
 76459 | Hell     | Killed Geryon
 76474 | Hell     | Found a gateway to the ashen valley of Gehenna.
 77416 | Hell     | Found a gateway to the decaying netherworld of Tartarus.
 77434 | Hell     | Gained mutation: You are vulnerable to cold. (rC-) [a
                  | cacodemon]
 77456 | Hell     | Found a gateway to the freezing wastes of Cocytus.
 77515 | Hell     | Found a gateway to the Iron City of Dis.
 77677 | Tar:1    | Entered Level 1 of Tartarus
 78998 | Tar:2    | Succumbed to a tainted leviathan's dark miasma
 79005 | Tar:2    | HP: 8/165 [poisoned by a tainted leviathan (dark miasma)]
 79006 | Tar:2    | HP: 1/165 [poisoned by a tainted leviathan (dark miasma)]
 79007 | Tar:2    | Succumbed to a tainted leviathan's dark miasma
 79089 | Tar:2    | HP: 3/167 [tainted leviathan] (9)]
 79094 | Tar:2    | HP: 5/167 [tainted leviathan] (1)]
 79094 | Tar:2    | Succumbed to a tainted leviathan's dark miasma
 79133 | Tar:2    | HP: 6/171 [poisoned by a tainted leviathan (dark miasma)]
 79134 | Tar:2    | HP: 2/171 [poisoned by a tainted leviathan (dark miasma)]
 79135 | Tar:2    | Engulfed by a tainted leviathan's foul pestilence (6
                  | damage)
 79204 | Tar:2    | HP: 5/178 [poisoned by a tainted leviathan (dark miasma)]
 79205 | Tar:2    | Succumbed to a tainted leviathan's dark miasma
 79260 | Tar:2    | HP: 8/177 [poisoned by a tainted leviathan (dark miasma)]
 79261 | Tar:2    | HP: 1/177 [tainted leviathan] (7)]
 79261 | Tar:2    | Succumbed to a tainted leviathan's dark miasma
 79331 | Tar:2    | HP: 5/177 [poisoned by a tainted leviathan (dark miasma)]
 79333 | Tar:2    | HP: 1/177 [poisoned by a tainted leviathan (dark miasma)]
 79334 | Tar:2    | Succumbed to a tainted leviathan's dark miasma
 79358 | Tar:2    | HP: 4/177 [poisoned by a tainted leviathan (dark miasma)]
 79359 | Tar:2    | HP: 1/177 [poisoned by a tainted leviathan (dark miasma)]
 79360 | Tar:2    | Succumbed to a tainted leviathan's dark miasma
 79419 | Tar:2    | HP: 5/177 [poisoned by a tainted leviathan (dark miasma)]
 79420 | Tar:2    | Succumbed to a tainted leviathan's dark miasma
 79458 | Tar:2    | HP: 8/177 [poisoned by a tainted leviathan (dark miasma)]
 79459 | Tar:2    | HP: 3/177 [tainted leviathan] (5)]
 79462 | Tar:2    | HP: 1/177 [poisoned by a tainted leviathan (dark miasma)]
 79464 | Tar:2    | Engulfed by a tainted leviathan's foul pestilence (11
                  | damage)
 79834 | Tar:3    | You are sucked into a shaft and drop 2 floors!
 80548 | Tar:6    | HP: 2/198 [bone dragon[a doom hound] (8)]
 80548 | Tar:6    | Mangled by a bone dragon (8 damage)
                  | ... called by a doom hound
 80604 | Tar:6    | HP: 4/202 [tainted leviathan (30)]
 80604 | Tar:6    | Slain by a tainted leviathan (7 damage)
 80613 | Tar:6    | HP: 10/201 [tainted leviathan] (1)]
 80613 | Tar:6    | HP: 3/201 [poisoned by a tainted leviathan (dark miasma)]
 80614 | Tar:6    | Engulfed by a tainted leviathan's foul pestilence (5
                  | damage)
 80655 | Tar:6    | HP: 10/202 [poisoned by a tainted leviathan (dark miasma)]
 80662 | Tar:6    | HP: 4/202 [tainted leviathan] (8)]
 80662 | Tar:6    | Succumbed to a tainted leviathan's dark miasma
 80741 | Tar:7    | Entered Level 7 of Tartarus
 80775 | Tar:7    | HP: 4/175 [tainted leviathan] (9)]
 80775 | Tar:7    | Succumbed to a tainted leviathan's dark miasma
 80791 | Tar:7    | Reached skill level 15 in Evocations
 80799 | Tar:7    | HP: 2/179 [tainted leviathan] (7)]
 80799 | Tar:7    | Succumbed to a tainted leviathan's dark miasma
 80808 | Tar:7    | HP: 5/187 [something (11)]
 80808 | Tar:7    | Succumbed to poison (dark miasma)
 80844 | Tar:7    | HP: 6/192 [poisoned by a tainted leviathan (dark miasma)]
 80845 | Tar:7    | Succumbed to a tainted leviathan's dark miasma
 80856 | Tar:7    | HP: 1/200 [poison (dark miasma)]
 80857 | Tar:7    | Succumbed to poison (dark miasma)
 80888 | Tar:7    | HP: 10/212 [poisoned by a tainted leviathan (dark miasma)]
 80889 | Tar:7    | Noticed a dread lich
 80890 | Tar:7    | Engulfed by a tainted leviathan's foul pestilence (9
                  | damage)
 80901 | Tar:7    | Killed a dread lich
 80914 | Tar:7    | HP: 7/212 [poisoned by a tainted leviathan (dark miasma)]
 80915 | Tar:7    | Succumbed to a tainted leviathan's dark miasma
 80959 | Tar:7    | HP: 3/212 [tainted leviathan] (8)]
 80959 | Tar:7    | Succumbed to a tainted leviathan's dark miasma
 80980 | Tar:7    | Noticed Ereshkigal
 80982 | Tar:7    | Killed from afar by Ereshkigal (64 damage)
                  | ... with a bolt of cold
 80998 | Tar:7    | HP: 10/208 [poisoned by a tainted leviathan (dark miasma)]
 80999 | Tar:7    | HP: 2/208 [poisoned by a tainted leviathan (dark miasma)]
 81000 | Tar:7    | Succumbed to a tainted leviathan's dark miasma
 81003 | Tar:7    | Killed Ereshkigal
 81009 | Tar:7    | HP: 3/211 [Tzitzimitl (10)]
 81010 | Tar:7    | Succumbed to a tainted leviathan's dark miasma
 81025 | Tar:7    | HP: 7/208 [bone dragon (19)]
 81028 | Tar:7    | Slain by a bone dragon (4 damage)
 81039 | Tar:7    | HP: 6/195 [doom hound (6)]
 81040 | Tar:7    | Killed from afar by a putrid mouth (13 damage)
                  | ... with a foul vapour
                  | ... called by a doom hound
 81043 | Tar:7    | Slain by a bone dragon (5 damage)
 81048 | Tar:7    | HP: 5/189 [poisoned by a putrid mouth]
 81048 | Tar:7    | Slain by a Tzitzimitl (7 damage)
                  | ... called by a doom hound
 81052 | Tar:7    | Succumbed to a putrid mouth's foul vapour
 81056 | Tar:7    | HP: 3/189 [putrid mouth][a doom hound] (7)]
 81056 | Tar:7    | Succumbed to a putrid mouth's dark miasma
 81061 | Tar:7    | Succumbed to a putrid mouth's dark miasma
 81067 | Tar:7    | Noticed an ancient lich
 81067 | Tar:7    | HP: 6/187 [doom hound (18)]
 81068 | Tar:7    | Slain by a bone dragon (5 damage)
 81075 | Tar:7    | Slain by a Tzitzimitl (14 damage)
                  | ... called by a doom hound
 81080 | Tar:7    | HP: 3/175 [bone dragon (10)]
 81080 | Tar:7    | Mangled by a bone dragon (13 damage)
 81091 | Tar:7    | HP: 7/173 [Tzitzimitl (5)]
 81093 | Tar:7    | Killed from afar by a Tzitzimitl (8 damage)
                  | ... with a bolt of negative energy
                  | ... called by a doom hound
 81098 | Tar:7    | HP: 2/164 [Tzitzimitl[a doom hound] (9)]
 81098 | Tar:7    | Slain by a Tzitzimitl (6 damage)
                  | ... called by a doom hound
 81104 | Tar:7    | HP: 5/153 [Tzitzimitl[a doom hound] (9)]
 81105 | Tar:7    | Killed from afar by an ancient lich (60 damage)
                  | ... with a bolt of acid
 81106 | Tar:7    | Slain by a bone dragon (15 damage)
 81107 | Tar:7    | Killed an ancient lich
 81109 | Tar:7    | HP: 5/152 [bone dragon (8)]
 81109 | Tar:7    | Slain by a bone dragon (7 damage)
 81112 | Tar:7    | Slain by a Tzitzimitl (17 damage)
 81116 | Tar:7    | Demolished by a doom hound (32 damage)
 81119 | Tar:7    | Slain by a Tzitzimitl (9 damage)
                  | ... called by a doom hound
 81123 | Tar:7    | HP: 6/137 [bone dragon (9)]
 81123 | Tar:7    | Mangled by a Tzitzimitl (11 damage)
                  | ... called by a doom hound
 81127 | Tar:7    | Slain by a bone dragon (8 damage)
 81129 | Tar:7    | HP: 3/140 [bone dragon (9)]
 81129 | Tar:7    | Mangled by a Tzitzimitl (14 damage)
 81138 | Tar:7    | Slain by a doom hound (18 damage)
 81488 | Tar:7    | HP: 4/197 [Tzitzimitl[a doom hound] (16)]
 81488 | Tar:7    | Mangled by a Tzitzimitl (14 damage)
                  | ... called by a doom hound
 81959 | Tar:7    | HP: 8/208 [bone dragon[a doom hound] (11)]
 81961 | Tar:7    | Slain by a Tzitzimitl (8 damage)
                  | ... called by a doom hound
 82058 | Tar:7    | HP: 3/208 [reaper/+1 scythe of protection[a doom hound]
                  | (20)]
 82058 | Tar:7    | Slain by a doom hound (8 damage)
 82065 | Tar:7    | HP: 5/206 [poisoned by a tainted leviathan (dark miasma)]
 82065 | Tar:7    | Demolished by a reaper
                  | ... wielding a +1 scythe of protection
                  | ... called by a doom hound
                  | (19 damage)
 82071 | Tar:7    | HP: 3/208 [doom hound (15)]
 82071 | Tar:7    | HP: 1/208 [putrid mouth[a doom hound] (2)]
 82072 | Tar:7    | Engulfed by a cloud of foul pestilence (5 damage)
 82082 | Tar:7    | HP: 5/207 [putrid mouth][a doom hound] (9)]
 82082 | Tar:7    | HP: 2/207 [poisoned by a putrid mouth (dark miasma)]
 82082 | Tar:7    | Slain by an eidolon (6 damage)
 82086 | Tar:7    | Slain by a doom hound (26 damage)
 82092 | Tar:7    | HP: 8/203 [doom hound (8)]
 82092 | Tar:7    | Slain by a Tzitzimitl (7 damage)
                  | ... called by a doom hound
 82096 | Tar:7    | Slain by a putrid mouth (11 damage)
                  | ... called by a doom hound
 82102 | Tar:7    | HP: 8/199 [reaper/+1 scythe of protection[a doom hound]
                  | (2)]
 82103 | Tar:7    | Succumbed to a putrid mouth's dark miasma
 82564 | Tar:7    | HP: 1/209 [Tzitzimitl[a doom hound] (10)]
 82565 | Tar:7    | Engulfed by a tainted leviathan's foul pestilence (8
                  | damage)
 82616 | Tar:7    | Identified the +10 triple sword of Hyubuug {heavy, rN++
                  | Str-5}
 82979 | Tar:7    | Noticed an ancient lich
 82981 | Tar:7    | Noticed a dread lich
 82985 | Tar:7    | Killed an ancient lich
 82999 | Tar:7    | Killed a dread lich
 83017 | Tar:7    | Identified the ring "Ysoam" {rF+ rCorr}
 84061 | Tar:7    | Identified the +9 glaive of Symmetry {vamp, Int+2}
 84185 | Tar:7    | Identified the amulet of Circularity {Will++ Regen+ Str+2}
 84374 | Coc:1    | Entered Level 1 of Cocytus
 84389 | Coc:1    | HP: 6/210 [wendigo/seracfall (67)]
 84391 | Coc:1    | Mangled by a nargun (16 damage)
 84420 | Coc:1    | Demolished by an azure jelly (26 damage)
 85193 | Coc:2    | Killed from afar by a wendigo (34 damage)
                  | ... with a seracfall
 85211 | Coc:2    | HP: 5/212 [elemental wellspring/torrent of water (23)]
 85212 | Coc:2    | Drowned by a water elemental (8 damage)
                  | ... summoned by an elemental wellspring
 85222 | Coc:2    | HP: 9/212 [drowned by a water elemental[an elemental
                  | wellspring] (5)]
 85223 | Coc:2    | Mangled by a water elemental (12 damage)
                  | ... summoned by an elemental wellspring
 86045 | Coc:3    | Noticed an ancient lich
 86053 | Coc:3    | Killed from afar by an Ice Fiend (26 damage)
                  | ... with a bolt of cold
 86054 | Coc:3    | Killed an ancient lich
 86061 | Coc:3    | Annihilated by an Ice Fiend (47 damage)
 86069 | Coc:3    | Mangled by an Ice Fiend (21 damage)
 86075 | Coc:3    | Killed from afar by a titan (43 damage)
                  | ... with a bolt of lightning
 86112 | Coc:3    | HP: 2/212 [juggernaut simulacrum (10)]
 86112 | Coc:3    | Annihilated by a juggernaut simulacrum (48 damage)
 86325 | Coc:4    | Noticed a shard shrike
 86329 | Coc:4    | Noticed a shard shrike
 86335 | Coc:4    | HP: 8/212 [Ice Fiend/bolt of cold (37)]
 86337 | Coc:4    | Slain by a juggernaut simulacrum (10 damage)
 86342 | Coc:4    | Killed a shard shrike
 86348 | Coc:4    | Killed from afar by a shard shrike (72 damage)
                  | ... with a shard of ice
 86357 | Coc:4    | Killed a shard shrike
 87017 | Coc:5    | Demolished by an Ice Fiend (30 damage)
 87029 | Coc:5    | HP: 6/212 [juggernaut simulacrum (17)]
 87029 | Coc:5    | Annihilated by a juggernaut simulacrum (46 damage)
 87037 | Coc:5    | Mangled by a juggernaut simulacrum (27 damage)
 87049 | Coc:5    | Mangled by a juggernaut simulacrum (38 damage)
 87080 | Coc:5    | HP: 3/212 [elemental wellspring/torrent of water (17)]
 87080 | Coc:5    | Collided with a rock wall (6 damage)
                  | ... caused by an elemental wellspring
 87504 | Coc:6    | HP: 2/185 [shard shrike simulacrum (48)]
 87504 | Coc:6    | Killed from afar by a wendigo (53 damage)
                  | ... with a seracfall
 87513 | Coc:6    | Killed from afar by a wendigo (44 damage)
                  | ... with a seracfall
 87532 | Coc:6    | HP: 9/195 [??? (4)]
 87534 | Coc:6    | Killed from afar by an elemental wellspring (44 damage)
                  | ... with a torrent of water
 87541 | Coc:6    | HP: 2/199 [anaconda simulacrum (11)]
 87541 | Coc:6    | Killed from afar by a wendigo (2 damage)
                  | ... with a stunning burst
 87574 | Coc:6    | Killed from afar by an elemental wellspring (26 damage)
                  | ... with a torrent of water
 88263 | Coc:7    | Entered Level 7 of Cocytus
 88273 | Coc:7    | HP: 9/212 [wendigo (10)]
 88273 | Coc:7    | Killed from afar by an Ice Fiend (11 damage)
                  | ... with a bolt of cold
 88279 | Coc:7    | Noticed a shard shrike
 88281 | Coc:7    | HP: 5/212 [shard shrike (52)]
 88282 | Coc:7    | HP: 1/212 [shard shrike (5)]
 88282 | Coc:7    | Killed from afar by an Ice Fiend (20 damage)
                  | ... with a bolt of cold
 88288 | Coc:7    | Killed from afar by a shard shrike (41 damage)
                  | ... with a shard of ice
 88290 | Coc:7    | Noticed a shard shrike
 88291 | Coc:7    | Killed a shard shrike
 88292 | Coc:7    | Noticed a shard shrike
 88292 | Coc:7    | Noticed a shard shrike
 88292 | Coc:7    | Noticed a shard shrike
 88295 | Coc:7    | Killed a shard shrike
 88297 | Coc:7    | Annihilated by a shard shrike (62 damage)
 88306 | Coc:7    | Annihilated by a shard shrike (46 damage)
 88314 | Coc:7    | Killed a shard shrike
 88315 | Coc:7    | HP: 8/212 [shard shrike (13)]
 88315 | Coc:7    | Killed from afar by a shard shrike (13 damage)
                  | ... with a shard of ice
 88316 | Coc:7    | Killed a shard shrike
 88329 | Coc:7    | Killed a shard shrike
 88881 | Coc:7    | Engulfed by an ice statue's freezing vapour (17 damage)
 88885 | Coc:7    | Noticed a shard shrike
 88887 | Coc:7    | Noticed a shard shrike
 88889 | Coc:7    | Noticed a shard shrike
 88890 | Coc:7    | Noticed a shard shrike
 88894 | Coc:7    | Killed from afar by a shard shrike (46 damage)
                  | ... with a shard of ice
 88895 | Coc:7    | Killed a shard shrike
 88895 | Coc:7    | Noticed a shard shrike
 88895 | Coc:7    | Noticed the Serpent of Hell
 88895 | Coc:7    | Noticed a shard shrike
 88896 | Coc:7    | HP: 3/212 [shard shrike (45)]
 88896 | Coc:7    | Killed from afar by an Ice Fiend (6 damage)
                  | ... with a bolt of cold
 88898 | Coc:7    | Demolished by a shard shrike (50 damage)
 88899 | Coc:7    | Killed a shard shrike
 88902 | Coc:7    | Killed from afar by a wendigo (54 damage)
                  | ... with a seracfall
 88903 | Coc:7    | Killed a shard shrike
 88906 | Coc:7    | Demolished by a nargun (45 damage)
 88908 | Coc:7    | Killed a shard shrike
 88909 | Coc:7    | HP: 10/212 [the Serpent of Hell (11)]
 88910 | Coc:7    | Killed a shard shrike
 88910 | Coc:7    | HP: 1/212 [shard shrike (9)]
 88910 | Coc:7    | Slain by a shard shrike (1 damage)
 88911 | Coc:7    | Killed a shard shrike
 88913 | Coc:7    | Annihilated by an Ice Fiend (44 damage)
 88916 | Coc:7    | HP: 5/212 [shadow dragon[the Serpent of Hell] (9)]
 88916 | Coc:7    | Slain by a wendigo (8 damage)
 88920 | Coc:7    | Killed from afar by a wendigo (52 damage)
                  | ... with a seracfall
 88923 | Coc:7    | Killed the Serpent of Hell
 88924 | Coc:7    | Mangled by a golden dragon simulacrum (28 damage)
 88928 | Coc:7    | Killed from afar by an Ice Fiend (33 damage)
                  | ... with a bolt of cold
 88943 | Coc:7    | Demolished by a wendigo (34 damage)
 88953 | Coc:7    | Demolished by an Ice Fiend (51 damage)
 88963 | Coc:7    | Killed from afar by a wendigo (38 damage)
                  | ... with a seracfall
 88998 | Coc:7    | Mangled by a wendigo (20 damage)
 89266 | Coc:7    | Noticed Antaeus
 89271 | Coc:7    | Killed from afar by an Ice Fiend (54 damage)
                  | ... with a bolt of cold
 89274 | Coc:7    | HP: 6/212 [Ice Fiend/bolt of cold (25)]
 89276 | Coc:7    | Slain by Antaeus (9 damage)
 89279 | Coc:7    | HP: 8/212 [Antaeus (53)]
 89280 | Coc:7    | HP: 1/212 [Antaeus (6)]
 89281 | Coc:7    | Killed from afar by an Ice Fiend (17 damage)
                  | ... with a bolt of cold
 89289 | Coc:7    | HP: 9/212 [??? (3)]
 89289 | Coc:7    | HP: 1/212 [Antaeus (8)]
 89289 | Coc:7    | Killed from afar by an Ice Fiend (14 damage)
                  | ... with a bolt of cold
 89290 | Coc:7    | Killed Antaeus
 89293 | Coc:7    | Killed from afar by an Ice Fiend (20 damage)
                  | ... with a bolt of cold
 89300 | Coc:7    | Slain by an Ice Fiend (49 damage)
 89305 | Coc:7    | Annihilated by an Ice Fiend (46 damage)
 89342 | Coc:7    | Identified the +0 plate armour "Yrchuph" {Harm Int+3}
 89349 | Coc:7    | Identified the +10 longbow of Nuifrium {elec, rC+ Int+3
                  | SInv}
 89355 | Coc:7    | Got an icy rune of Zot
 89564 | Coc:7    | Noticed a shard shrike
 89589 | Coc:7    | Killed a shard shrike
 89640 | Coc:7    | Noticed a shard shrike
 89642 | Coc:7    | Noticed a shard shrike
 89643 | Coc:7    | Noticed a shard shrike
 89644 | Coc:7    | Noticed a shard shrike
 89647 | Coc:7    | Annihilated by a shard shrike (61 damage)
 89653 | Coc:7    | HP: 2/212 [shard shrike/shard of ice (34)]
 89653 | Coc:7    | Slain by a shard shrike (5 damage)
 89661 | Coc:7    | HP: 6/212 [shard shrike/shard of ice (49)]
 89662 | Coc:7    | Annihilated by a shard shrike (51 damage)
 89667 | Coc:7    | Demolished by a shard shrike (32 damage)
 89671 | Coc:7    | HP: 7/212 [shard shrike (55)]
 89673 | Coc:7    | HP: 3/212 [shard shrike (5)]
 89673 | Coc:7    | Annihilated by a shard shrike (36 damage)
 89678 | Coc:7    | Killed from afar by a shard shrike (51 damage)
                  | ... with a shard of ice
 89684 | Coc:7    | Annihilated by a shard shrike (61 damage)
 89685 | Coc:7    | Killed a shard shrike
 89690 | Coc:7    | Killed a shard shrike
 89697 | Coc:7    | Killed a shard shrike
 89698 | Coc:7    | Reached skill level 27 in Evocations
 89700 | Coc:7    | Killed from afar by a shard shrike (56 damage)
                  | ... with a shard of ice
 89712 | Coc:7    | HP: 6/212 [shard shrike/shard of ice (50)]
 89721 | Coc:7    | Killed a shard shrike
 90163 | Coc:7    | HP: 9/213 [titan/the air (16)]
 90167 | Coc:7    | HP: 1/213 [titan (10)]
 90167 | Coc:7    | Killed by the air
                  | ... invoked by a titan
                  | (17 damage)
 90422 | Coc:7    | Noticed a shard shrike
 90433 | Coc:7    | Killed a shard shrike
 90454 | Coc:7    | Identified the +5 dagger "Agyusino" {holy, Fragile rElec
                  | Str-2 Dex+9}
 90458 | Coc:7    | Identified the staff of earth "Oxkahobb" {Drain rElec rPois
                  | Int+4}
 90679 | Geh:1    | Entered Level 1 of Gehenna
 91201 | Pan      | Entered Pandemonium
 91251 | Pan      | Found a runed translucent door.
 91373 | Pan      | Noticed Masoz the pandemonium lord
 91380 | Pan      | HP: 10/215 [Masoz the pandemonium lord] (1)]
 91382 | Pan      | Killed from afar by Masoz the pandemonium lord (30 damage)
                  | ... with a bolt of lightning
 91392 | Pan      | Killed Masoz the pandemonium lord
 92432 | Pan      | Mangled by a reaper
                  | ... wielding a +1 scythe of venom
                  | (28 damage)
 92580 | Pan      | HP: 8/218 [??? (3)]
 92593 | Pan      | Killed from afar by a Hell Sentinel (28 damage)
                  | ... with damnation
 94028 | Pan      | Found a huge runed translucent gate.
 94034 | Pan      | Found a huge runed translucent gate.
 94767 | Pan      | Found a huge runed translucent gate.
 94768 | Pan      | Found a huge runed translucent gate.
 94768 | Pan      | Found a huge runed translucent gate.
 94768 | Pan      | Found a huge runed translucent gate.
 94769 | Pan      | Found a huge runed translucent gate.
 94772 | Pan      | Noticed Zonaexi the pandemonium lord
 94775 | Pan      | Killed from afar by Zonaexi the pandemonium lord (41
                  | damage)
                  | ... with a great blast of fire
 94793 | Pan      | Killed Zonaexi the pandemonium lord
 95252 | Pan      | Noticed Peiziwn the pandemonium lord
 95262 | Pan      | HP: 10/220 [blizzard demon/bolt of cold (30)]
 95264 | Pan      | Killed from afar by a blizzard demon (22 damage)
                  | ... with a bolt of lightning
 95271 | Pan      | Killed Peiziwn the pandemonium lord
 95434 | Pan      | Gained mutation: You are very clumsy. (Dex -4) [a neqoxec]
 95511 | Pan      | Gained mutation: You are vulnerable to heat. (rF-) [a
                  | neqoxec]
 97030 | Pan      | Noticed Rotuxoic the pandemonium lord
 97075 | Pan      | Killed from afar by a ynoxinul (33 damage)
                  | ... with an iron shot
 97079 | Pan      | Killed Rotuxoic the pandemonium lord
 97153 | Pan      | Found a runed translucent door.
 97503 | Pan      | Found an exit through the horrors of the Abyss.
 98606 | Pan      | Noticed Cyror the pandemonium lord
 99528 | Pan      | Noticed Nyxylet the pandemonium lord
 99559 | Pan      | Killed Nyxylet the pandemonium lord
 99567 | Pan      | HP: 9/226 [sun demon (15)]
 99567 | Pan      | Mangled by a sun demon (19 damage)
 99625 | Pan      | Gained mutation: You have hidden genetic defects. [a
                  | neqoxec]
100024 | Pan      | HP: 3/226 [balrug/bolt of fire (12)]
100025 | Pan      | Incinerated by a balrug (4 damage)
                  | ... with a sticky flame
100036 | Pan      | HP: 6/226 [sun demon[a balrug] (8)]
100036 | Pan      | Slain by a sun demon (10 damage)
                  | ... led by a balrug
100298 | Pan      | HP: 6/227 [rockslime[a demonspawn corrupter] (24)]
100298 | Pan      | Mangled by an ancient champion
                  | ... wielding a +3 heavy great mace
                  | ... summoned by a demonspawn corrupter
                  | (14 damage)
100311 | Pan      | Killed from afar by a blizzard demon (25 damage)
                  | ... with a bolt of lightning
100319 | Pan      | Killed from afar by a blizzard demon (30 damage)
                  | ... with a bolt of cold
100334 | Pan      | HP: 5/227 [smoke demon/divine providence (8)]
100335 | Pan      | HP: 2/227 [blizzard demon/the air (4)]
100336 | Pan      | Demolished by a sun demon (19 damage)
100361 | Pan      | Mangled by a sun demon (19 damage)
100455 | Pan      | Identified the +0 plate armour of Peokoe {rCorr}
101503 | Pan      | Found a white marble altar of Elyvilon.
101570 | Pan      | Gained mutation: Your magical capacity is very low. (-20%
                  | MP) [hidden defects]
101760 | Pan      | HP: 6/228 [pearl dragon] (9)]
101766 | Pan      | Slain by a pearl dragon (6 damage)
102154 | Pan      | HP: 10/229 [angel/+3 whip of holy wrath (10)]
102159 | Pan      | HP: 5/229 [angel/+3 whip of holy wrath (5)]
102592 | Pan      | HP: 6/229 [daeva/+5 scimitar of holy wrath (14)]
102592 | Pan      | HP: 2/229 [daeva/+5 scimitar of holy wrath (4)]
102593 | Pan      | Killed by divine providence
                  | ... invoked by a daeva
                  | (13 damage)
102775 | Pan      | Mangled by a cherub
                  | ... wielding a +0 flail of flaming
                  | (22 damage)
102876 | Pan      | HP: 5/230 [daeva/+3 scimitar of holy wrath (7)]
102877 | Pan      | HP: 1/230 [angel/+2 whip of holy wrath (5)]
102878 | Pan      | Demolished by an apis (20 damage)
103157 | Pan      | HP: 10/231 [angel/+2 whip of holy wrath (15)]
103158 | Pan      | HP: 4/231 [angel/+2 whip of holy wrath (6)]
103158 | Pan      | Killed by divine providence
                  | ... invoked by a daeva
                  | (10 damage)
103189 | Pan      | Gained mutation: You have terrible hidden genetic defects.
                  | [hidden defects]
103189 | Pan      | Lost mutation: You have terrible hidden genetic defects.
                  | [hidden defects expressed]
104135 | Pan      | HP: 11/231 [cherub/+1 flail of flaming (2)]
104144 | Pan      | Mangled by an apis (24 damage)
104235 | Pan      | HP: 11/233 [ophan (6)]
104235 | Pan      | Mangled by an angel
                  | ... wielding a +3 sacred scourge of holy wrath
                  | (19 damage)
104454 | Pan      | Gained mutation: You occasionally shout uncontrollably at
                  | your foes. [hidden defects]
105093 | Pan      | Noticed a seraph
105108 | Pan      | Killed a seraph
105121 | Pan      | HP: 11/235 [something (14)]
105127 | Pan      | Killed from afar by an ophan (25 damage)
                  | ... with a bolt of fire
105128 | Pan      | Found a glowing golden altar of the Shining One.
105150 | Pan      | HP: 11/235 [ophan (1)]
105151 | Pan      | Engulfed by an ophan's blessed fire (17 damage)
105391 | Pan      | Identified the +6 scale mail "Ruobbos" {rF+}
105393 | Pan      | Got a demonic rune of Zot
105403 | Pan      | Identified the ring "Vipuesadd" {rF+ Str+4}
105405 | Pan      | Identified the amulet "Dabrih" {Faith rN++ Will+ Int-3}
105412 | Pan      | Got Tonut's Spellbook of Phantasmal Exhalation
105557 | Pan      | Gained mutation: You have terrible hidden genetic defects.
                  | [hidden defects]
105557 | Pan      | Lost mutation: You have terrible hidden genetic defects.
                  | [hidden defects expressed]
106063 | Pan      | HP: 5/236 [angel/+3 whip of holy wrath (12)]
106063 | Pan      | Mangled by an angel
                  | ... wielding a +3 whip of holy wrath
                  | (11 damage)
106124 | Pan      | Identified the +7 tower shield "Vias" {rC+ Str+3 Int+2}
106927 | Pan      | Gained mutation: You sometimes lose the ability to read
                  | scrolls when taking damage. [hidden defects]
107337 | Pan      | HP: 10/238 [daeva/+4 eudemon blade of holy wrath (2)]
107338 | Pan      | Killed by divine providence
                  | ... invoked by a daeva
                  | (10 damage)
107352 | Pan      | HP: 3/238 [daeva/divine providence (12)]
107352 | Pan      | Killed by divine providence
                  | ... invoked by a daeva
                  | (12 damage)
107368 | Pan      | HP: 6/239 [daeva/divine providence (11)]
107368 | Pan      | Killed by divine providence
                  | ... invoked by a daeva
                  | (13 damage)
107393 | Pan      | HP: 4/240 [daeva/+5 eudemon blade of holy wrath (9)]
107724 | Pan      | Identified the +2 buckler of Dishonour {Will+ Int+4}
108110 | Pan      | Found a glowing silver altar of Zin.
108349 | Pan      | HP: 4/240 [daeva/divine providence (13)]
108351 | Pan      | Mangled by an angel
                  | ... wielding a +3 whip of holy wrath
                  | (14 damage)
108361 | Pan      | HP: 5/240 [angel/+3 sacred scourge of holy wrath (8)]
108361 | Pan      | HP: 1/240 [angel/+3 whip of holy wrath (4)]
108361 | Pan      | Slain by an angel
                  | ... wielding a +3 sacred scourge of holy wrath
                  | (6 damage)
108368 | Pan      | Mangled by an angel
                  | ... wielding a +1 sacred scourge of holy wrath
                  | (22 damage)
108374 | Pan      | Gained mutation: Your magical capacity is extremely low.
                  | (-30% MP) [hidden defects]
108374 | Pan      | Lost mutation: You have hidden genetic defects. [hidden
                  | defects expressed]
108420 | Pan      | Killed from afar by an ophan (63 damage)
                  | ... with a bolt of fire
109783 | Pan      | Upgraded the game from 0.30-a0-1074-g5db6f66fbb to
                  | 0.30-a0-1075-gcd70e7a56d
109821 | Pan      | HP: 5/236 [Ice Fiend/bolt of cold (16)]
109822 | Pan      | HP: 1/236 [sun demon (5)]
109822 | Pan      | Mangled by a sun demon (14 damage)
109840 | Pan      | HP: 11/238 [sun demon (10)]
109841 | Pan      | Slain by a sun demon (17 damage)
109944 | Pan      | Killed from afar by a Brimstone Fiend (36 damage)
                  | ... with damnation
109994 | Pan      | Gained mutation: You are frail. (-10% HP) [a cacodemon]
110000 | Pan      | Gained mutation: Your body sometimes deteriorates upon
                  | taking damage. [a cacodemon]
110008 | Pan      | Gained mutation: Potions are less effective at restoring
                  | your health. [a cacodemon]
110040 | Pan      | HP: 7/219 [demonspawn warmonger/+4 bardiche of protection
                  | (11)]
110041 | Pan      | Mangled by a demonspawn warmonger
                  | ... wielding a +4 bardiche of protection
                  | (18 damage)
110095 | Pan      | Gained mutation: You are weak. (Str -2) [a cacodemon]
110146 | Pan      | HP: 9/219 [demonspawn warmonger/+2 great sword of
                  | freezing[a shadow demon] (2)]
110146 | Pan      | Slain by a demonspawn warmonger
                  | ... wielding a +2 great sword of freezing
                  | ... summoned by a shadow demon
                  | (9 damage)
110213 | Pan      | Noticed Paf Hyo the pandemonium lord
110226 | Pan      | HP: 5/219 [Ice Fiend/bolt of cold (16)]
110227 | Pan      | Slain by an Ice Fiend (8 damage)
110238 | Pan      | Gained mutation: Potions cannot restore your health. [a
                  | cacodemon]
110239 | Pan      | Gained mutation: Your body often deteriorates upon taking
                  | damage. [a cacodemon]
110241 | Pan      | Gained mutation: Your spells are much easier to cast, but
                  | much less powerful. [a cacodemon]
110254 | Pan      | HP: 4/219 [Ice Fiend/bolt of cold[Paf Hyo] (7)]
110255 | Pan      | HP: 1/219 [Ice Fiend (4)]
110255 | Pan      | Mangled by an Ice Fiend (13 damage)
110266 | Pan      | HP: 9/219 [???[Paf Hyo] (3)]
110266 | Pan      | Slain by a cacodemon (11 damage)
                  | ... summoned by Paf Hyo
110268 | Pan      | Killed Paf Hyo the pandemonium lord
110461 | Pan      | Lost mutation: You sometimes lose the ability to drink
                  | potions when taking damage. [a cacodemon]
110468 | Pan      | Gained mutation: You are very weak. (Str -4) [a cacodemon]
110722 | Pan      | Gained mutation: You are very frail. (-20% HP) [a
                  | cacodemon]
111456 | Pan      | HP: 5/196 [balrug/divine providence (12)]
111462 | Pan      | HP: 3/196 [sun demon[a balrug] (4)]
111462 | Pan      | Mangled by a sun demon (14 damage)
                  | ... led by a balrug
111712 | Pan      | Killed from afar by a Hell Sentinel (23 damage)
                  | ... with damnation
112429 | Pan      | Killed from afar by a Hell Sentinel (48 damage)
                  | ... with an iron shot
112508 | Pan      | Noticed Pethasko the pandemonium lord
112528 | Pan      | Killed Pethasko the pandemonium lord
113044 | Pan      | Killed from afar by a Hell Sentinel (38 damage)
                  | ... with damnation
113945 | Pan      | Noticed Mashinto the pandemonium lord
113976 | Pan      | Mangled by Mashinto the pandemonium lord (37 damage)
113988 | Pan      | Annihilated by a Hell Sentinel (37 damage)
113999 | Pan      | Slain by a Hell Sentinel (39 damage)
114004 | Pan      | HP: 4/195 [Mashinto the pandemonium lord (24)]
114005 | Pan      | Annihilated by Mashinto the pandemonium lord (35 damage)
114008 | Pan      | Lost intelligence.
114011 | Pan      | Slain by Mashinto the pandemonium lord (18 damage)
                  | ... while paralysed
114014 | Pan      | HP: 1/195 [Hell Sentinel (19)]
114015 | Pan      | Mangled by a Hell Sentinel (11 damage)
114018 | Pan      | Demolished by a demonspawn blood saint
                  | ... wielding a +0 quarterstaff
                  | (26 damage)
114019 | Pan      | Slain by a Hell Sentinel (21 damage)
114020 | Pan      | Lost dexterity.
114021 | Pan      | Killed from afar by a Hell Sentinel (61 damage)
                  | ... with an iron shot
                  | ... while paralysed
114022 | Pan      | Demolished by a Hell Sentinel (55 damage)
                  | ... while paralysed
114023 | Pan      | Killed from afar by a Hell Sentinel (47 damage)
                  | ... with an iron shot
                  | ... while paralysed
114025 | Pan      | Mangled by Mashinto the pandemonium lord (51 damage)
114025 | Pan      | HP: 2/193 [Mashinto the pandemonium lord (39)]
114025 | Pan      | Annihilated by a Hell Sentinel (60 damage)
114026 | Pan      | Annihilated by a demonspawn warmonger
                  | ... wielding a +1 great sword of freezing
                  | (27 damage)
114026 | Pan      | Killed from afar by a Hell Sentinel (57 damage)
                  | ... with an iron shot
114026 | Pan      | Slain by a Hell Sentinel (10 damage)
114027 | Pan      | Demolished by a Hell Sentinel (30 damage)
114027 | Pan      | Annihilated by a demonspawn warmonger
                  | ... wielding a +1 great sword of freezing
                  | (25 damage)
114028 | Pan      | Mangled by Mashinto the pandemonium lord (51 damage)
114028 | Pan      | Annihilated by a Hell Sentinel (57 damage)
114029 | Pan      | Killed from afar by an Ice Fiend (34 damage)
                  | ... with a bolt of cold
114029 | Pan      | Mangled by an Ice Fiend (16 damage)
114030 | Pan      | Slain by Mashinto the pandemonium lord (24 damage)
114030 | Pan      | HP: 1/193 [Hell Sentinel (48)]
114030 | Pan      | Demolished by a Hell Sentinel (15 damage)
114031 | Pan      | Slain by a demonspawn warmonger
                  | ... wielding a +1 great sword of freezing
                  | (72 damage)
114031 | Pan      | Annihilated by a demonspawn warmonger
                  | ... wielding a +1 great sword of freezing
                  | (39 damage)
114032 | Pan      | Annihilated by a demonspawn warmonger
                  | ... wielding a +1 great sword of freezing
                  | (64 damage)
114032 | Pan      | Slain by a demonspawn warmonger
                  | ... wielding a +1 great sword of freezing
                  | (49 damage)
114033 | Pan      | Mangled by an Ice Fiend (17 damage)
114033 | Pan      | Demolished by a Hell Sentinel (33 damage)
114034 | Pan      | Demolished by a Hell Sentinel (60 damage)
114034 | Pan      | Mangled by a Hell Sentinel (42 damage)
114035 | Pan      | Mangled by a Hell Sentinel (27 damage)
114036 | Pan      | Slain by Mashinto the pandemonium lord (18 damage)
114036 | Pan      | Killed from afar by a Hell Sentinel (43 damage)
                  | ... with an iron shot
114038 | Pan      | Mangled by a Hell Sentinel (36 damage)
114040 | Pan      | HP: 1/191 [soul eater (33)]
114040 | Pan      | Slain by a soul eater (4 damage)
114044 | Pan      | Shot with a bolt by a demonspawn warmonger (19 damage)
114049 | Pan      | Slain by a demonspawn warmonger
                  | ... wielding a +1 great sword of freezing
                  | (57 damage)
114052 | Pan      | Slain by Mashinto the pandemonium lord (55 damage)
114055 | Pan      | HP: 2/183 [Mashinto the pandemonium lord (42)]
114056 | Pan      | Annihilated by Mashinto the pandemonium lord (28 damage)
114062 | Pan      | HP: 7/183 [Mashinto the pandemonium lord (28)]
114062 | Pan      | Annihilated by Mashinto the pandemonium lord (40 damage)
114069 | Pan      | Demolished by Mashinto the pandemonium lord (39 damage)
114075 | Pan      | HP: 1/183 [Mashinto the pandemonium lord (38)]
114076 | Pan      | Mangled by Mashinto the pandemonium lord (13 damage)
114078 | Pan      | Demolished by Mashinto the pandemonium lord (33 damage)
114081 | Pan      | Killed Mashinto the pandemonium lord
114082 | Pan      | Reached skill level 27 in Fighting
114082 | Pan      | HP: 9/192 [Hell Sentinel (32)]
114083 | Pan      | Mangled by a Hell Sentinel (12 damage)
114088 | Pan      | HP: 9/192 [soul eater (1)]
114089 | Pan      | Slain by a Hell Sentinel (11 damage)
114092 | Pan      | Killed from afar by a Hell Sentinel (63 damage)
                  | ... with an iron shot
114098 | Pan      | Slain by a Hell Sentinel (10 damage)
114103 | Pan      | Mangled by a Hell Sentinel (27 damage)
114110 | Pan      | HP: 1/192 [Hell Sentinel (13)]
114110 | Pan      | Mangled by a Hell Sentinel (11 damage)
114115 | Pan      | Quit the game

Illustrated notes

Levels and vault maps discovered:
D:1:      spicycebolla_arrival_ecumenical, layout_loops_corners, fountainhead
D:2:      layout_basic, basic_altar, serial_shops, shop, grunt_decor_resistance
D:3:      layout_loops_ring, uniq_robin
D:4:      layout_loops_ring, uniq_duvessa, uniq_menkaure, uniq_eustachio
D:5:      layout_cave_pools, nicolae_yredelemnul_ghost_church,
          grunt_temple_overflow_open, serial_shops, nicolae_stop_n_shop_1,
          corexii_item_surrounded_by_moat, uniq_blork_the_orc, uniq_pikel,
          uniq_sigmund
D:6:      layout_layer_cave, minmay_temple_entry_grid,
          kennysheep_generic_room_16, uniq_edmund
D:7:      layout_gridville, minmay_fractal_squares_gapless_5
D:8:      layout_basic, uniq_prince_ribbit1, uniq_psyche, uniq_amaemon
D:9:      layout_basic, elyvilon_altar_1, orc_0_dummy, enter_bailey_6,
          kb_lookout_dungeons_type, serial_nicolae_subway,
          nicolae_sub_station_metal, nicolae_sub_station_stone,
          nicolae_sub_station_crystal
D:10:     layout_basic, mainiacjoe_overflow_concentric_impassable,
          due_lair_maze_entry_diamond
D:11:     layout_loops_cross, uniq_josephine
D:12:     old_forge, layout_basic, ebering_ghost_xom, enter_trove_0,
          hangedman_incinerator
D:13:     layout_basic, erik_vaults_1
D:14:     layout_basic, zin_angel
D:15:     grunt_enter_depths_magical_seal, layout_rooms,
          hangedman_abyss_or_decor_lesser_grid, nicolae_benzene_ring,
          minmay_misc_feat_rugged, hangedman_abyss_or_decor_passed,
          minmay_circle_x
Lair:1:   layout_loops_ring, uniq_sonja
Lair:2:   layout_gridlike, grunt_megastairs_4, lemuel_fruit_fields,
          lemuel_fruit_tree
Lair:3:   layout_regular_city, minmay_shoals_entry_beasts,
          spider_nest_entry_funnel_web, grunt_megastairs_1
Lair:4:   layout_gridlike
Lair:5:   minmay_lair_end_enchanted_forest, layout_layer_cave, slime_entry_1,
          lemuel_centaur_altar
Shoals:1: layout_shoals, nicolae_shoals_abyss_on_the_beach
Shoals:2: layout_shoals
Shoals:3: layout_shoals, serial_shops, shop_statue, uniq_donald
Shoals:4: shoals_end_grunt_garden, layout_shoals, uniq_mlioglotl,
          uniq_bai_suzhen
Spider:1: layout_cave_pods
Spider:2: layout_spider_delve, nicolae_spider_not_touching_you,
          nicolae_spider_cling_halls, uniq_louise
Spider:3: nicolae_spider_broodchamber, spiders_nest_hornet_nest,
          hangedman_spider_tarantella_strand
Spider:4: hellmonk_spider_rune_endless_swarm
Orc:1:    layout_caves
Orc:2:    grunt_orc_community_town_hall, layout_diamond_mine,
          grunt_orc_community_big_house_2, grunt_orc_community_big_house_2,
          grunt_orc_community_house_1, grunt_orc_community_house_2,
          grunt_orc_community_house_2, grunt_orc_community_house_1,
          serial_shops, nicolae_square_shop
Vaults:1: mu_enter_wizlab_1, vaults_mumra_hexcomb, v_rooms_6, st_cells,
          grunt_vaults_hallway_short, ontoclasm_vaults_eye,
          nicolae_vaults_circle_grid_b, vaults_mumra_minichess,
          nicolae_vaults_little_squares_1, nicolae_vaults_three_branches,
          layout_vaults_omnigrid, serial_shops, nicolae_shop_overgrown_old_shop
Vaults:2: minmay_crypt_entry_simple_round, nicolae_vaults_holding_cells,
          hangedman_vaults_restitches, v_rooms_6, vaults_room_corners,
          hangedman_vaults_pinch, dpeg_vaults_monster_row,
          nicolae_vaults_specimen_jars, nicolae_vaults_ring_of_whatevers,
          v_misc_27, vaults_room_ringed_pool, layout_vaults_omnicross,
          uniq_mennas
Vaults:3: ontoclasm_vaults_loading_screen, dpeg_vaults_monster_box,
          vaults_room_octagon, hangedman_vaults_stretched_pinwheel,
          vaults_mumra_minichess_inversion, hangedman_vaults_stream,
          layout_vaults_maze_snakey
Vaults:4: grunt_vaults_hallway_long, vaults_room_semicircle,
          hangedman_vaults_snaps, nicolae_vaults_what_the_h, v_misc_32,
          vaults_dpeg_doors, ontoclasm_vaults_idyll, hangedman_vaults_trim,
          layout_vaults_big_room
Vaults:5: serial_shops
Crypt:1:  layout_rooms
Crypt:2:  layout_misc_corridors
Crypt:3:  lightli_unholy_cathedral, layout_chaotic_city,
          nicolae_tomb_entry_unfolded_pyramid_orthogonal
Tomb:1
Tomb:2
Tomb:3
Depths:1: layout_twisted_cross, hangedman_coc_ice_floe, hangedman_decor_growths,
          nicolae_hepliaklqana_hazy_memory
Depths:2: minmay_the_grid_octo_2x2 [minmay_the_grid_octo_pinwheel,
          minmay_the_grid_octo_concentric, minmay_the_grid_octo_empty,
          minmay_the_grid_octo_prize_big_c], layout_gridlike, pan_entry,
          lightli_too_deep, nicolae_good_shop, serial_bayou_shore_b
Depths:3: minmay_open_boxes_in_corner, layout_honeycomb, enter_ziggurat_e,
          minmay_room_of_horrors, grunt_dithmenos_smoke_and_mirrors, hell_entry,
          rand_demon_pan_entry_7, hangedman_glass_teeth, minmay_shop_grove,
          uniq_boris
Depths:4: grunt_zot_entry_tricorne, layout_cave_pools, hellmouth_1,
          old_standard_altar
Hell
Geh:1:    layout_gehenna_pools_box
Coc:1:    layout_cocytus_delve
Coc:2:    layout_cocytus_water_paths
Coc:3:    layout_cocytus_water_paths
Coc:4:    layout_ice_bergs
Coc:5:    layout_ice_bergs
Coc:6:    layout_ice_bergs, serial_ice, serial_ice_g, serial_ice_f
Coc:7:    coc_grunt
Tar:1:    layout_honeycomb, nicolae_tar_cuneiform_three,
          nicolae_tar_cuneiform_to_be
Tar:2:    layout_honeycomb
Tar:3:    layout_grid_maze
Tar:5:    layout_cathedral_of_symmetry
Tar:6:    layout_grid_maze
Tar:7:    tar_grunt_cathedral
Pan:      rand_demon_9, layout_irregular_city, nicolae_pan_sick_transit,
          nicolae_pan_giant_door, layout_basic, pan_blood_fountain_small,
          evilmike_mini_pan_doors_b, layout_gridville,
          regret_index_pan_draining_boxed, layout_chambers,
          reaverb_pan_chaos_star, nicolae_pan_mnolegish_3,
          evilmike_mini_pan_possible_glass, layout_chambers,
          nicolae_pan_lom_lobonic_2, nicolae_pan_strange_glyphs
          [nicolae_pan_strange_glyph_melancholia,
          nicolae_pan_strange_glyph_disgust,
          nicolae_pan_strange_glyph_schadenfreude], evilmike_mini_pan_corridor,
          layout_cellular_growth, evilmike_holy_pan, grunt_pan_in_and_out,
          layout_rooms, nicolae_pan_mnolegish_3, evilmike_mini_pan_thingy,
          layout_gridlike, nicolae_pan_lom_lobonic_1, grunt_pan_pentagram,
          layout_irregular_city, pan_blood_fountain_small

Skill      XL: |  1  2  3  4  5  6  7  8  9 10 11 12 13 14 15 16 17 18 19 20 21 22 23 24 25 26 27 |
---------------+----------------------------------------------------------------------------------+-----
Axes           | 3 4 5 6 8 10 11 13 14 15 16 17 | 17.4
Fighting       | 4 5 6 8 9 10 11 12 13 14 15 27 | 27.0
Armour         | 4 5 6 7 9 10 12 13 14 15 16 20 | 20.9
Shields        | 5 6 7 8 9 10 11 12 13 14 15 16 17 18 19 | 19.8
Evocations     | 2 4 5 6 7 8 9 10 11 27 | 27.0
Maces & Flails | 5 8 9 10 11 12 13 | 13.3
Polearms       | 1 6 8 10 11 12 13 | 13.5
Spellcasting   | 2 3 4 6 7 |  7.8
Dodging        | 4 8 |  8.0
Necromancy     | 9 14 18 20 | 20.0
Stealth        | 2 4 |  4.3
Staves         | 1 3 4 5 |  5.9
Long Blades    | 6 14 18 20 | 20.0

Action                     |  1- 3 |  4- 6 |  7- 9 | 10-12 | 13-15 | 16-18 | 19-21 | 22-24 | 25-27 || total
---------------------------+-------+-------+-------+-------+-------+-------+-------+-------+-------++-------
  Melee: War axe           |   124 |   154 |   262 |   212 |       |       |       |       |       ||   752
         Unarmed           |       |    35 |    24 |    12 |       |       |       |       |       ||    71
         Demon whip        |       |       |       |   712 |       |     3 |       |       |       ||   715
         Broad axe         |       |       |       |    39 |   852 |    11 |   104 |   351 |  2524 ||  3881
         Demon trident     |       |       |       |       |     6 |  1983 |  1116 |   100 |  3438 ||  6643
         Glaive            |       |       |       |       |       |       |       |  1263 |   546 ||  1809
         Eudemon blade     |       |       |       |       |       |       |       |   498 |    18 ||   516
         Rapier            |       |       |       |       |       |       |       |       |    40 ||    40
 Invoke: Call Merchant     |       |       |       |       |     1 |       |       |     2 |     1 ||     4
         Bribe Branch      |       |       |       |       |     1 |     1 |       |       |     2 ||     4
Ability: Dig               |     3 |       |       |       |       |     1 |    15 |     2 |     1 ||    22
         Shaft Self        |       |       |       |       |       |     1 |       |       |       ||     1
  Evoke: Wand              |       |       |       |       |     2 |       |       |     4 |    16 ||    22
         Lightning rod     |       |       |       |       |       |     1 |       |       |       ||     1
         Phial of floods   |       |       |       |       |       |       |     1 |       |     1 ||     2
         Horn of Geryon    |       |       |       |       |       |       |       |       |     1 ||     1
         Figurine of a zig |       |       |       |       |       |       |       |       |     1 ||     1
         Phantom mirror    |       |       |       |       |       |       |       |       |     1 ||     1
    Use: Scroll            |       |     4 |       |    17 |     8 |    13 |     1 |     4 |     8 ||    55
         Potion            |       |       |       |     7 |     3 |       |       |     1 |     8 ||    19
   Stab: Distracted        |       |       |       |     3 |     5 |     7 |     7 |     7 |    54 ||    83
         Held in net/web   |       |       |       |       |       |     1 |       |       |       ||     1
         Petrified         |       |       |       |       |       |       |       |       |     2 ||     2
 Armour: Scale mail        |    71 |    74 |    67 |       |       |       |       |       |       ||   212
         Plate armour      |       |       |    56 |   608 |  1030 |  1046 |       |       |       ||  2740
         Pearl dragon scal |       |       |       |       |       |   427 |   678 |  2239 |  3687 ||  7031
  Dodge: Dodged            |    68 |    90 |   126 |   339 |   514 |   888 |   553 |  1863 |  2850 ||  7291
  Block: Buckler           |    36 |    43 |    73 |   275 |   447 |    35 |       |       |       ||   909
         Reflection        |       |       |       |       |    18 |       |       |       |       ||    18
         Kite shield       |       |       |       |       |       |  2091 |   220 |       |       ||  2311
         Tower shield      |       |       |       |       |       |       |  1041 |  4352 |  8796 || 14189

Table legend: (Time is in decaauts)
 A = Elapsed time spent in this place.
 B = Non-inter-level travel time spent in this place.
 C = Inter-level travel time spent in this place.
 D = Time resting spent in this place.
 E = Time spent auto-exploring this place.
 F = Levels seen in this place.
 G = Mean time per level.
                   A        B        C        D        E       F      G
               +--------+--------+--------+--------+--------+-----+--------+
         Total | 113336 | 109199 |   4137 |  24619 |  51444 |  71 | 1596.3 |
       Dungeon |  19121 |  17841 |   1280 |   2746 |  10938 |  15 | 1274.7 |
          Lair |   9539 |   8990 |    549 |   1551 |   5874 |   5 | 1907.8 |
        Shoals |   5018 |   4966 |     52 |    791 |   3035 |   4 | 1254.5 |
   Spider Nest |   8816 |   8446 |    370 |   1683 |   4378 |   4 | 2204.0 |
  Orcish Mines |   1986 |   1796 |    190 |      0 |   1185 |   2 |  993.0 |
        Vaults |  10343 |   9702 |    641 |   1908 |   4943 |   5 | 2068.6 |
         Crypt |   6442 |   6237 |    205 |   1434 |   2568 |   3 | 2147.3 |
          Tomb |   6983 |   6711 |    272 |   2839 |    778 |   3 | 2327.7 |
        Depths |   7374 |   7107 |    267 |   1416 |   3840 |   4 | 1843.5 |
          Hell |   1858 |   1829 |     29 |    835 |    468 |   1 | 1858.0 |
       Gehenna |     22 |     22 |      0 |      0 |      0 |   1 |   22.0 |
       Cocytus |   6144 |   5948 |    196 |   1417 |   2759 |   7 |  877.7 |
      Tartarus |   6443 |   6358 |     85 |   1801 |   2298 |   6 | 1073.8 |
   Pandemonium |  21917 |  21917 |      0 |   5192 |   8327 |  10 | 2191.7 |
        Bailey |   1323 |   1323 |      0 |   1006 |     52 |   1 | 1323.0 |
               +--------+--------+--------+--------+--------+-----+--------+

Top non-repeatable levels by time:
  Tomb:1: 4040 daAuts
 Crypt:3: 3446 daAuts
   Tar:7: 3407 daAuts
Spider:1: 2950 daAuts
Vaults:2: 2897 daAuts
  Lair:5: 2517 daAuts
   Coc:7: 2312 daAuts
Vaults:1: 2301 daAuts
  Lair:3: 2298 daAuts
Depths:4: 2298 daAuts
Spider:4: 2257 daAuts
Vaults:5: 2142 daAuts
  Tomb:3: 2037 daAuts
    D:13: 1995 daAuts
Depths:3: 1898 daAuts
